 Dungeon Crawl Stone Soup version 0.31-a0-164-g2312942fda (webtiles) character file.

Game seed: 17409235058443720323

448612 qw the Slayer (level 23, -7/161 HPs)
             Began as a Gargoyle Fighter on June 13, 2023.
             Was an Elder of Okawaru.
             Mangled by a black draconian knight
             ... wielding a +0 great sword
              (15 damage)
             ... on level 1 of the Realm of Zot.
             The game lasted 00:31:52 (50812 turns).

qw the Slayer (Gargoyle Fighter)                   Turns: 50812, Time: 00:31:52

Health: -7/161     AC: 62    Str: 31    XL:     23   Next: 92%
Magic:  30/30      EV: 20    Int: 10    God:    Okawaru [****..]
Gold:   94         SH: 24    Dex: 15    Spells: 22/22 levels left

rFire   + + .        y - +8 broad axe (flame)
rCold   + . .        b - +0 tower shield
rNeg    + + .        t - +7 plate armour {rF+}
rPois   inf          n - +1 helmet
rElec   +            z - +2 cloak
rCorr   .            r - +1 pair of gloves
SInv    .            x - +3 pair of boots "Kacvonn" {rPois rN+ Regen+ Dex+2}
Will    ++...        e - amulet of faith Stlth
                     G - ring of Cogotz {rF+ rC+ Str+3 Dex+4}
HPRegen 1.26/turn    E - +5 ring of evasion
MPRegen 0.22/turn

%: faith
@: about to teleport, heroic, on berserk cooldown, flying, slowed, very slow
A: sickness immunity, AC +17, big wings, negative energy resistance 1,
electricity resistance, torment resistance 1, petrification resistance,
strong-willed 1, sense surroundings 1, weak 1
}: 3/15 runes: serpentine, barnacled, silver
a: Renounce Religion, Heroism, Finesse


You were on level 1 of the Realm of Zot.
You worshipped Okawaru.
Okawaru was greatly pleased with you.
You visited 9 branches of the dungeon, and saw 41 of its levels.
You visited 1 bazaar.
You also visited: Ossuary.

You collected 5391 gold pieces.
You spent 5297 gold pieces at shops.


Innate Abilities, Weirdness & Mutations

You are immune to sickness and miasma.
Your stone body is resilient. (AC +17)
You are immune to poison.
Your large and strong wings let you fly.
You resist negative energy. (rN+)
You are resistant to electric shocks. (rElec)
You are resistant to unholy torment.
You are immune to petrification.
You are strong-willed. (Will+)
You passively map a small area around you.
You are weak. (Str -2)


   Skills:
 + Level 21.8(26.8) Fighting
 - Level 18.0(23.0) Axes
 - Level 12.0(17.0) Throwing
 - Level 21.0(26.0) Armour
 - Level 9.0(14.0) Dodging
 - Level 21.0(26.0) Shields
 - Level 10.1 Invocations


You had 22 spell levels left.
You didn't know any spells.
Your spell library was empty.

Inventory:

Hand Weapons
 y - a +8 broad axe of flaming (weapon)
Missiles
 c - 36 boomerangs
 k - 2 silver boomerangs
 p - 12 silver javelins (quivered)
 v - 17 javelins
 C - 4 boomerangs of dispersal
Armour
 b - a +0 tower shield (worn)
 n - a +1 helmet (worn)
 r - a +1 pair of gloves (worn)
 t - a +7 plate armour of fire resistance (worn)
 x - the +3 pair of boots "Kacvonn" (worn) {rPois rN+ Regen+ Dex+2}
   (You found it on level 3 of the Snake Pit)

   Dex:       It affects your dexterity (+2).
   rPois:     It protects you from poison.
   rN:        It protects you from negative energy.
   Regen:     It increases your rate of health regeneration.
 z - a +2 cloak (worn)
 D - +0 gold dragon scales
 H - the +3 plate armour of the Smoking Gods {Str+3 Slay+2}
   (You found it on level 4 of the Shoals)

   Str:       It affects your strength (+3).
   Slay:      It affects your accuracy & damage with ranged weapons and melee
   (+2).
 M - the +15 Maxwell's patent armour {-Cast -Tele rElec Will+ rCorr}
   (Okawaru gifted it to you on level 5 of the Vaults)

   rElec:     It insulates you from electricity.
   -Cast:     It prevents spellcasting.
   -Tele:     It prevents most forms of teleportation.
   rCorr:     It protects you from acid and corrosion.
   Will:      It increases your willpower.
Jewellery
 a - a ring of fire
 e - an amulet of faith (around neck)
 f - a ring of resist corrosion
 B - an amulet of regeneration
 E - a +5 ring of evasion (right hand)
 G - the ring of Cogotz (left hand) {rF+ rC+ Str+3 Dex+4}
   (You found it on level 4 of the Shoals)

   [ring of protection from cold]

   Str:       It affects your strength (+3).
   Dex:       It affects your dexterity (+4).
   rF:        It protects you from fire.
   rC:        It protects you from cold.
 I - the ring "Wom Keto" {rElec Will- rCorr Int+3 Dex+6}
   (You bought it in a shop on level 3 of the Depths)

   [ring of dexterity]

   Int:       It affects your intelligence (+3).
   Dex:       It affects your dexterity (+6).
   rElec:     It insulates you from electricity.
   rCorr:     It protects you from acid and corrosion.
   Will:      It decreases your willpower.
 J - a ring of protection from cold
 Y - a +6 ring of strength
Wands
 u - a wand of digging (12)
Scrolls
 h - 32 scrolls of identify
 l - 5 scrolls of teleportation
Potions
 d - 6 potions of might
 g - a potion of magic
 i - 16 potions of curing
 j - 2 potions of resistance
 m - 9 potions of haste
 o - 9 potions of mutation
 q - 4 potions of lignification
 w - 4 potions of cancellation
 A - 5 potions of attraction

Dungeon Overview and Level Annotations

Branches:
Dungeon (15/15)            Temple (1/1) D:4            Lair (5/5) D:10
 Shoals (4/4) Lair:3        Snake (4/4) Lair:3        Slime (0/5) Lair:4
    Orc (2/2) D:10            Elf (0/3) Orc:2        Vaults (5/5) D:13
  Crypt (0/3) Vaults:3     Depths (4/4) D:15            Zot (1/5) Depths:4
Ossuary (visited)

Altars:
Ashenzari
Cheibriados
Dithmenos
Elyvilon
Fedhas
Gozag
Hepliaklqana
Kikubaaqudgha
Makhleb
Nemelex Xobeh
Okawaru
Qazlal
Ru
Sif Muna
Trog
Uskayaw
Vehumet
Wu Jian
Xom
Yredelemnul
Zin
The Shining One
Jiyva
Lugonu

Shops:
D:4 *   Orc:2 [!=?   Shoals:1 :   Shoals:3 (   Snake:1 *   Snake:2 *(
Snake:3 :   Snake:4 [=(   Vaults:1 *   Vaults:2 *   Depths:3 =

Portals:
Hell: Depths:1 Depths:2 Depths:3 Depths:4
Abyss: Shoals:3 Depths:1 Depths:3
Pandemonium: Depths:2
Ziggurat: Depths:2
Trove: D:10 (show abyssal rune of Zot)

Annotations:
D:5 exclusion: 3 orc wizards
D:15 2 transporters, qw's ghost, journeyman GrFi
Snake:4 1 runed translucent door, qw's ghost, adept MiHu
Vaults:2 2 runed translucent doors, 2 transporters, Vatovie's ghost, veteran MiFi
Vaults:3 1 runed translucent door
Depths:2 1 runed translucent door, qw's ghost, veteran GrFi
Depths:3 3 runed translucent doors, qw's ghost, veteran GrFi


Message History

The wind drake flaps its wings at you. The air twists around and strikes you.
The white draconian stormcaller mumbles some strange prayers to Qazlal against you.
Qazlal smites you!
50810 ||| READING 6 scrolls of teleportation.
As you read the scroll of teleportation, it crumbles to dust.
You feel strangely unstable.
You feel the Orb delaying your translocation!
Something hits you but does no damage.
The white draconian breathes frost at you.
The blast of cold hits you but does no damage.
You hear some strange, mumbled words.
The wind drake flaps its wings at you. The air twists around and strikes you.
The purple draconian shifter mumbles some strange words.
The purple draconian shifter blinks!
You hear some strange, mumbled words.
A shard of ice appears from out of thin air!
The shard of ice misses you.
50811 ||| DRINKING potion of heal wounds.
You feel much better. You block the death drake's attack.
Something hits you but does no damage.
The wind drake exhales a fierce blast of wind!
The death drake is knocked back by the gust of wind.
You are knocked back by the gust of wind.
The wind drake is knocked back by the gust of wind.
The wind drake collides with the death drake!
The death drake is lightly wounded.
The wind drake is severely wounded.
The white draconian stormcaller invokes the aid of Qazlal against you.
Qazlal smites you!
A bolt of lightning appears from out of thin air!
The bolt of lightning hits you! You resist. The bolt of lightning hits you!!
You resist.
The bolt of lightning hits something.
The bolt of lightning misses the death drake.
The wind drake flaps its wings at you. The air twists around and strikes you!!
The purple draconian shifter casts a spell.
The purple draconian shifter blinks!
Something hits you!
You die...

##### , ....######
* , #......# , * ,
*#[...@.# , * ,
#..~k{.# , ,
#..~kk.# , , , * ,*
#.{~~~.# ,, , , * ,
#.q)~~.# , ########
###k..d~.# , ,
.......#
#.ยค.).~..# ,
##'#######..(..)..#
* .#.#
#......).)..# , ~


You could see a white draconian (catching breath), a white draconian
stormcaller, a death drake (summoned), 2 wind drakes and a lindwurm (summoned).

Vanquished Creatures
  2 dread liches (Vaults:5)
  An ancient lich (Vaults:5)
  Mara (Vaults:3)
  Xtahua (Vaults:4)
  Vashnia (Snake:3)
  A caustic shrike (Depths:3)
  A bone dragon (Depths:4)
  3 golden dragons
  Zenata (Vaults:3)
  2 walking crystal tomes (Depths:3)
  2 tentacled monstrosities
  A walking earthen tome (Depths:3)
  A walking divine tome (Depths:3)
  9 titans
  A walking frostbound tome (Depths:3)
  2 liches (Depths:3)
  An ancient champion (Vaults:3)
  2 quicksilver dragons
  A kraken (Shoals:3)
  3 sphinxes
  8 shadow dragons
  Polyphemus (Shoals:3)
  Agnes (Snake:3)
  9 fire giants
  5 tengu reavers
  4 storm dragons
  A draconian knight (Depths:4)
  7 nagarajas
  A draconian monk (Depths:4)
  3 iron dragons
  10 frost giants
  Ilsuiw (Shoals:3)
  Aizul (Snake:1)
  Louise (Shoals:1)
  13 vault wardens
  An emperor scorpion (shapeshifter) (Vaults:5)
  A reaper (Depths:2)
  An orc warlord (Vaults:2)
  12 ironbound preservers
  2 spriggan defenders
  A formless jellyfish (Shoals:4)
  19 very ugly things
  2 draconian annihilators (Zot:1)
  2 vampire knights
  12 stone giants
  3 war gargoyles (Vaults:5)
  8 ironbound thunderhulks
  2 green draconians (Depths:4)
  A yellow draconian (Depths:4)
  A black draconian (Zot:1)
  Nessos (D:14)
  2 red draconians
  A deep elf annihilator (Vaults:5)
  3 deep elf demonologists
  7 dire elephants
  6 spark wasps (Depths:3)
  3 purple draconians
  15 ettins
  Snorg (Lair:3)
  5 merfolk javelineers
  A deep elf high priest (Vaults:5)
  2 deep elf death magi
  9 merfolk impalers
  Josephine (Lair:5)
  15 yaktaur captains
  28 vault guards
  6 fire dragons
  3 great orbs of eyes
  Erolcha (Orc:1)
  An entropy weaver (Vaults:1)
  8 hydras
  A quicksilver dragon skeleton (Depths:1)
  4 salamander tyrants
  An alligator snapping turtle (Shoals:4)
  A caustic shrike simulacrum (Depths:1)
  8 spriggan air magi
  10 ice dragons
  An alligator (shapeshifter) (Vaults:5)
  9 anacondas
  4 merfolk aquamancers
  A spriggan skeleton (Depths:3)
  18 centaur warriors
  13 ironbound frosthearts
  10 two-headed ogres
  Erica (D:10)
  4 ogre magi
  6 merfolk avatars
  3 catoblepae
  A death knight (Vaults:3)
  3 deep troll shamans
  23 naga warriors
  A satyr (Shoals:3)
  14 death yaks
  5 deep troll earth magi
  4 tengu warriors (Depths:3)
  7 boulder beetles
  Urug (D:10)
  17 naga sharpshooters
  9 shock serpents
  2 vampire magi
  Sonja (Orc:2)
  2 storm dragon zombies
  6 iron trolls
  4 spriggan berserkers
  5 hell knights
  Nergalle (Orc:2)
  5 skeletal warriors
  5 skysharks
  14 sea snakes
  4 salamander mystics
  A flayed ghost (Depths:3)
  A naga ritualist (Snake:1)
  37 deep trolls
  2 glowing orange brains
  14 ironbound convokers
  A lindwurm (shapeshifter) (Vaults:5)
  6 wizards
  A golden dragon skeleton (Depths:3)
  A phantasmal warrior (Vaults:5)
  12 lindwurms
  A harpy (shapeshifter) (D:11)
  A tengu zombie (Depths:1)
  A shadow dragon zombie (D:15)
  A steelbarb worm (shapeshifter) (Vaults:2)
  8 necromancers
  4 deep elf zephyrmancers (D:15)
  35 ugly things
  6 orc knights
  A harpy (Shoals:4)
  An oklob plant (Lair:1)
  7 orc sorcerers
  8 mana vipers
  5 cyclopes
  16 manticores
  8 deep elf pyromancers
  2 salamanders (shapeshifter)
  3 fauns
  3 moths of wrath (Zot:1)
  A tengu skeleton (Depths:3)
  An elephant (shapeshifter) (Vaults:5)
  18 salamanders
  6 elephants (Lair:5)
  9 guardian serpents
  20 vault sentinels
  A stone giant skeleton (Depths:1)
  37 black mambas
  11 merfolk sirens
  12 water nymphs
  A guardian serpent (shapeshifter) (Vaults:5)
  A rust devil (Depths:2)
  A titan simulacrum (Depths:3)
  19 naga magi
  A storm dragon simulacrum (Depths:3)
  15 cane toads
  A gargoyle (D:12)
  An efreet (D:14)
  21 yaktaurs
  3 unseen horrors
  A freezing wraith (D:14)
  2 tengu conjurers (Depths:3)
  6 rime drakes
  A kobold demonologist (D:7)
  A guardian mummy (D:15)
  10 komodo dragons
  9 trolls
  29 merfolk
  9 wind drakes
  3 meliai (D:13)
  A troll (shapeshifter) (Vaults:5)
  10 hornets
  A red devil (Depths:2)
  A tarantella (Vaults:1)
  Grinder (D:5)
  2 polar bears (Lair:5)
  2 spriggan zombies (D:15)
  31 blink frogs
  A fire giant simulacrum (Depths:3)
  11 dream sheep
  2 snapping turtles
  A dream sheep (shapeshifter) (Vaults:5)
  30 slime creatures
  A jumping spider (Vaults:1)
  A shadow (D:11)
  3 air elementals (Shoals:4)
  5 wraiths
  50 yaks
  8 spriggans
  26 water elementals
  9 basilisks
  Grum (D:8)
  2 wyverns
  Edmund (D:5)
  5 steam dragons
  A redback (Vaults:1)
  2 neqoxecs (Depths:2)
  2 chaos spawn (Depths:1)
  3 wargs
  56 nagas
  7 vampire mosquitoes
  A swamp worm (shapeshifter) (Vaults:5)
  An acid dragon (D:13)
  3 large abominations (Depths:1)
  9 small abominations (Depths:1)
  18 water moccasins
  17 orc warriors
  A black bear (D:4)
  A sky beast (D:7)
  A boggart (Vaults:2)
  23 wolves
  22 centaurs
  8 ogres
  A phantom (D:4)
  6 kobold brigands
  13 bullfrogs
  2 scorpions
  3 killer bees (D:10)
  5 electric eels
  2 howler monkeys
  4 centaur zombies (Ossuary)
  5 hounds
  12 orc priests
  A gnoll bouda (D:5)
  4 jellies
  4 sleepcaps
  5 iguanas
  37 orc wizards
  2 hell rats (Lair:5)
  3 mummies (Ossuary)
  A gnoll (shapeshifter) (Vaults:5)
  16 adders
  8 gnolls (D:5)
  A shadow imp (D:6)
  4 white imps
  4 ufetubi
  A worm (D:2)
  A dart slug (D:1)
  79 orcs
  9 endoplasms
  2 giant cockroaches
  6 goblins
  11 hobgoblins
  7 jackals
  20 kobolds
  4 quokkas
  5 ball pythons
  5 bats
  5 frilled lizards
  2 gnoll zombies (Ossuary)
  2 goblin zombies (Ossuary)
  9 rats
  A lurking horror (Shoals:3)
  A spectral weapon (Snake:3)
  3 tentacles (Shoals:3)
1655 creatures vanquished.

Vanquished Creatures (others)
  A fire giant (Depths:2)
  A merfolk javelineer (Shoals:3)
  A merfolk (Shoals:4)
  5 tentacles (Shoals:3)
8 creatures vanquished.

Grand Total: 1663 creatures vanquished

Notes
Turn   | Place    | Note
-------+----------+-------------------------------------------
     0 | D:1      | qw the Gargoyle Fighter began the quest for the Orb.
     0 | D:1      | Reached XP level 1. HP: 14/14 MP: 1/1
     0 | D:1      | 0 ||| qw: Version: 0.2-a-29-gc1b59c4
     0 | D:1      | 0 ||| qw: Game counter: 4474
     0 | D:1      | 0 ||| qw: Always use a shield: true
     0 | D:1      | 0 ||| qw: God list: Okawaru
     0 | D:1      | 0 ||| qw: Allow faded altars: false
     0 | D:1      | 0 ||| qw: Do Orc after D:15 true
     0 | D:1      | 0 ||| qw: Do second Lair branch before Depths: true
     0 | D:1      | 0 ||| qw: Lair rune preference: random
     0 | D:1      | 0 ||| qw: Plans: Normal, Zot:1-4, Slime:5, God:TSO, Crypt,
                  | Tomb, Abyss, Pan, Hells, Win
     0 | D:1      | 0 ||| PLANNING D:1-11
    73 | D:1      | Reached XP level 2. HP: 16/19 MP: 2/2
   199 | D:1      | 199 ||| Stepping ~*~*~tactically~*~*~ (hiding).
   200 | D:1      | 200 ||| Stepping ~*~*~tactically~*~*~ (hiding).
   430 | D:1      | Reached skill level 3 in Axes
   513 | D:1      | Reached XP level 3. HP: 23/23 MP: 3/3
   749 | D:1      | Found a faded altar of an unknown god.
   849 | D:1      | 849 ||| UPGRADING to +0 pair of boots.
   854 | D:1      | 854 ||| UPGRADING to ring of see invisible.
   855 | D:1      | 855 ||| READING scroll labelled RINELY MORUIT.
   856 | D:1      | 856 ||| READING scroll labelled PIM JOALUOKURPH.
   857 | D:1      | 857 ||| READING scroll labelled FYFUYT COTRACI.
   858 | D:1      | 858 ||| READING scroll labelled FUGUT QAIH ZIE.
   859 | D:1      | 859 ||| READING scroll labelled ILYJIN NOETS.
  1064 | D:2      | Reached XP level 4. HP: 28/28 MP: 4/4
  1195 | D:2      | 1195 ||| READING scroll of enchant armour.
  1195 | D:2      | 1195 ||| ENCHANTING +0 pair of boots.
  1589 | D:2      | 1589 ||| DROPPING +6 ring of intelligence.
  1803 | D:3      | Found the +5 robe of Misfortune {Harm *Corrode *Slow EV+5}
  1840 | D:3      | 1840 ||| Stepping ~*~*~tactically~*~*~ (stealth).
  1856 | D:3      | 1856 ||| READING scroll of enchant weapon.
  1856 | D:3      | 1856 ||| ENCHANTING +1 war axe.
  1985 | D:3      | 1985 ||| Stepping ~*~*~tactically~*~*~ (stealth).
  2086 | D:3      | Reached XP level 5. HP: 32/32 MP: 5/5
  2164 | D:3      | 2164 ||| Stepping ~*~*~tactically~*~*~ (stealth).
  2451 | D:3      | 2451 ||| Stepping ~*~*~tactically~*~*~ (hiding).
  2631 | D:3      | 2631 ||| READING 2 scrolls labelled SUYROT KOATA.
  2632 | D:3      | 2632 ||| DRINKING 2 smoky cyan potions.
  2633 | D:3      | 2633 ||| DROPPING scroll of immolation.
  2670 | D:4      | 2670 ||| PLANNING OSSUARY
  2691 | D:4      | Found a sand-covered staircase.
  2700 | Ossuary  | Entered an ossuary
  2773 | Ossuary  | Reached skill level 1 in Dodging
  2773 | Ossuary  | Reached XP level 6. HP: 38/38 MP: 6/6
  2788 | Ossuary  | 2788 ||| FLEEEEING.
  2789 | Ossuary  | 2789 ||| FLEEEEING.
  2790 | Ossuary  | 2790 ||| FLEEEEING.
  2791 | Ossuary  | 2791 ||| FLEEEEING.
  2792 | Ossuary  | 2792 ||| FLEEEEING.
  2793 | Ossuary  | 2793 ||| FLEEEEING.
  2794 | Ossuary  | 2794 ||| FLEEEEING.
  2795 | Ossuary  | 2795 ||| FLEEEEING.
  2796 | Ossuary  | 2796 ||| FLEEEEING.
  2797 | Ossuary  | 2797 ||| FLEEEEING.
  2798 | Ossuary  | 2798 ||| FLEEEEING.
  2941 | Ossuary  | 2941 ||| READING scroll of enchant weapon.
  2941 | Ossuary  | 2941 ||| ENCHANTING +2 war axe.
  2991 | Ossuary  | 2991 ||| READING scroll labelled SAZOKU SIUR.
  2992 | Ossuary  | 2992 ||| READING scroll labelled TIOHEMM LYES.
  2993 | Ossuary  | 2993 ||| DRINKING 3 orange potions.
  2994 | Ossuary  | 2994 ||| DRINKING 3 clear potions.
  2995 | Ossuary  | 2995 ||| READING 2 scrolls of identify.
  2995 | Ossuary  | 2995 ||| IDENTIFYING fizzy yellow potion
  2996 | Ossuary  | 2996 ||| DROPPING 2 potions of enlightenment.
  3012 | D:4      | 3012 ||| PLANNING D:1-11
  3047 | D:4      | Found a staircase to the Ecumenical Temple.
  3048 | D:4      | 3048 ||| PLANNING TEMPLE
  3049 | D:4      | 3049 ||| Stepping ~*~*~tactically~*~*~ (stealth).
  3062 | D:4      | 3062 ||| Stepping ~*~*~tactically~*~*~ (stealth).
  3063 | D:4      | 3063 ||| Stepping ~*~*~tactically~*~*~ (stealth).
  3067 | D:4      | 3067 ||| FLEEEEING.
  3068 | D:4      | 3068 ||| FLEEEEING.
  3069 | D:4      | 3069 ||| FLEEEEING.
  3106 | D:4      | 3106 ||| Stepping ~*~*~tactically~*~*~ (stealth).
  3114 | D:4      | Reached skill level 6 in Axes
  3119 | D:4      | Reached XP level 7. HP: 37/43 MP: 7/7
  3139 | Temple   | Entered the Ecumenical Temple
  3179 | Temple   | 3179 ||| PLANNING D:1-11
  3251 | D:4      | 3251 ||| Stepping ~*~*~tactically~*~*~ (stealth).
  3270 | D:4      | 3270 ||| Stepping ~*~*~tactically~*~*~ (stealth).
  3280 | D:4      | 3280 ||| Stepping ~*~*~tactically~*~*~ (stealth).
  3294 | D:4      | Found a hazy altar of Hepliaklqana.
  3295 | D:4      | Found a broken altar of Ashenzari.
  3323 | D:4      | Found a hide-covered altar of Uskayaw.
  3324 | D:4      | Found Lise's General Store.
  3334 | D:4      | 3334 ||| BUYING potion of curing (30 gold).
  3334 | D:4      | Bought a potion of curing for 30 gold pieces
  3334 | D:4      | 3334 ||| BUYING scroll of brand weapon (95 gold).
  3334 | D:4      | Bought a scroll of brand weapon for 95 gold pieces
  3334 | D:4      | 3334 ||| BUYING scroll of teleportation (30 gold).
  3334 | D:4      | Bought a scroll of teleportation for 30 gold pieces
  3334 | D:4      | 3334 ||| READING scroll of brand weapon.
  3334 | D:4      | 3334 ||| BRANDING +3 war axe.
  3570 | D:4      | 3570 ||| Stepping ~*~*~tactically~*~*~ (hiding).
  3571 | D:4      | 3571 ||| Stepping ~*~*~tactically~*~*~ (hiding).
  3611 | D:4      | 3611 ||| DROPPING +0 whip.
  3612 | D:4      | 3612 ||| DROPPING +0 mace.
  3639 | D:4      | Found an iron altar of Okawaru.
  3640 | D:4      | 3640 ||| PLANNING OKAWARU WORSHIP
  3640 | D:4      | 3640 ||| UPGRADING to +0 chain mail.
  3650 | D:4      | 3650 ||| DROPPING +0 scale mail.
  3651 | D:4      | 3651 ||| UPGRADING to +0 pair of gloves.
  3656 | D:4      | 3656 ||| READING 2 scrolls of identify.
  3656 | D:4      | 3656 ||| IDENTIFYING white potion
  3657 | D:4      | 3657 ||| DROPPING potion of invisibility.
  3661 | D:4      | Became a worshipper of Warmaster Okawaru
  3661 | D:4      | 3661 ||| PLANNING D:1-11
  3668 | D:4      | 3668 ||| Stepping ~*~*~tactically~*~*~ (hiding).
  3669 | D:4      | 3669 ||| Stepping ~*~*~tactically~*~*~ (hiding).
  3670 | D:4      | 3670 ||| Stepping ~*~*~tactically~*~*~ (hiding).
  3674 | D:4      | 3674 ||| Stepping ~*~*~tactically~*~*~ (hiding).
  3780 | D:4      | 3780 ||| Stepping ~*~*~tactically~*~*~ (stealth).
  3781 | D:4      | 3781 ||| Stepping ~*~*~tactically~*~*~ (stealth).
  3860 | D:4      | 3860 ||| UPGRADING to +0 tower shield.
  3870 | D:4      | 3870 ||| DROPPING +0 buckler.
  3893 | D:5      | Entered Level 5 of the Dungeon
  3934 | D:5      | 3934 ||| Stepping ~*~*~tactically~*~*~ (hiding).
  3946 | D:5      | HP: 10/44 [orc priest/divine providence (13)]
  3947 | D:5      | 3947 ||| READING scroll of teleportation.
  3948 | D:5      | 3948 ||| DRINKING 2 potions of heal wounds.
  4016 | D:5      | 4016 ||| Stepping ~*~*~tactically~*~*~ (stealth).
  4029 | D:5      | Reached XP level 8. HP: 42/49 MP: 8/8
  4030 | D:5      | 4030 ||| Stepping ~*~*~tactically~*~*~ (stealth).
  4032 | D:5      | 4032 ||| Stepping ~*~*~tactically~*~*~ (stealth).
  4065 | D:5      | 4065 ||| Stepping ~*~*~tactically~*~*~ (stealth).
  4250 | D:5      | Noticed Grinder
  4266 | D:5      | Paralysed by Grinder for 3 turns
  4272 | D:5      | Killed Grinder
  4272 | D:5      | Reached * piety under Okawaru
  4273 | D:5      | Reached skill level 6 in Shields
  4296 | D:5      | 4296 ||| Stepping ~*~*~tactically~*~*~ (hiding).
  4299 | D:5      | 4299 ||| Stepping ~*~*~tactically~*~*~ (hiding).
  4304 | D:5      | 4304 ||| Stepping ~*~*~tactically~*~*~ (stealth).
  4370 | D:5      | Found a shimmering blue altar of Sif Muna.
  4377 | D:5      | 4377 ||| READING 2 scrolls of identify.
  4377 | D:5      | 4377 ||| IDENTIFYING murky dark potion
  4637 | D:5      | Reached skill level 1 in Invocations
  4660 | D:5      | Noticed Edmund
  4661 | D:5      | 4661 ||| Stepping ~*~*~tactically~*~*~ (hiding).
  4666 | D:5      | 4666 ||| INVOKING Heroism.
  4670 | D:5      | Killed Edmund
  4879 | D:5      | 4879 ||| Stepping ~*~*~tactically~*~*~ (hiding).
  4883 | D:5      | 4883 ||| INVOKING Heroism.
  4922 | D:5      | 4922 ||| READING scroll of enchant armour.
  4922 | D:5      | 4922 ||| ENCHANTING +0 pair of gloves.
  5099 | D:6      | 5099 ||| Stepping ~*~*~tactically~*~*~ (hiding).
  5143 | D:6      | 5143 ||| Stepping ~*~*~tactically~*~*~ (stealth).
  5211 | D:6      | 5211 ||| Stepping ~*~*~tactically~*~*~ (hiding).
  5213 | D:6      | 5213 ||| Stepping ~*~*~tactically~*~*~ (hiding).
  5220 | D:6      | Reached XP level 9. HP: 51/54 MP: 10/10
  5248 | D:6      | 5248 ||| Stepping ~*~*~tactically~*~*~ (stealth).
  5304 | D:6      | Found a white marble altar of Elyvilon.
  5438 | D:6      | 5438 ||| INVOKING Heroism.
  5513 | D:6      | 5513 ||| INVOKING Heroism.
  5733 | D:6      | 5733 ||| DROPPING ring of see invisible.
  5734 | D:6      | 5734 ||| UPGRADING to +6 ring of strength.
  5796 | D:7      | Reached skill level 9 in Shields
  5898 | D:7      | 5898 ||| Stepping ~*~*~tactically~*~*~ (hiding).
  5899 | D:7      | 5899 ||| Stepping ~*~*~tactically~*~*~ (hiding).
  6018 | D:7      | 6018 ||| Stepping ~*~*~tactically~*~*~ (stealth).
  6020 | D:7      | 6020 ||| Stepping ~*~*~tactically~*~*~ (hiding).
  6029 | D:7      | Reached skill level 3 in Invocations
  6120 | D:7      | Noticed a troll
  6120 | D:7      | Noticed a troll
  6121 | D:7      | 6121 ||| Stepping ~*~*~tactically~*~*~ (hiding).
  6127 | D:7      | 6127 ||| INVOKING Heroism.
  6136 | D:7      | Noticed a troll
  6141 | D:7      | Noticed a troll
  6145 | D:7      | Killed a troll
  6146 | D:7      | Noticed an unseen horror
  6148 | D:7      | 6148 ||| INVOKING Heroism.
  6155 | D:7      | Killed a troll
  6158 | D:7      | Killed a troll
  6158 | D:7      | Reached ** piety under Okawaru
  6164 | D:7      | Killed a troll
  6165 | D:7      | Reached XP level 10. HP: 23/59 MP: 11/13
  6178 | D:7      | Noticed a boulder beetle
  6179 | D:7      | 6179 ||| Stepping ~*~*~tactically~*~*~ (stealth).
  6242 | D:7      | 6242 ||| Stepping ~*~*~tactically~*~*~ (stealth).
  6243 | D:7      | 6243 ||| Stepping ~*~*~tactically~*~*~ (stealth).
  6292 | D:7      | Found the ring of Shadows {Umbra +Inv Stlth+}
  6296 | D:7      | 6296 ||| INVOKING Heroism.
  6302 | D:7      | Killed an unseen horror
  6308 | D:7      | Killed a boulder beetle
  6309 | D:7      | Reached skill level 6 in Fighting
  6358 | D:7      | Identified the +1 short sword of the Median {flame, rC++
                  | Dex+2}
  6408 | D:7      | 6408 ||| INVOKING Heroism.
  6432 | D:7      | You fall into a shaft and drop 3 floors!
  6432 | D:10     | Entered Level 10 of the Dungeon
  6433 | D:10     | 6433 ||| UPGRADING to +2 plate armour of fire resistance.
  6443 | D:10     | 6443 ||| DROPPING +0 chain mail.
  6444 | D:10     | 6444 ||| READING scroll labelled GIVVAA USIX.
  6466 | D:8      | 6466 ||| Stepping ~*~*~tactically~*~*~ (stealth).
  6468 | D:8      | 6468 ||| Stepping ~*~*~tactically~*~*~ (hiding).
  6549 | D:8      | 6549 ||| Stepping ~*~*~tactically~*~*~ (stealth).
  6555 | D:8      | 6555 ||| Stepping ~*~*~tactically~*~*~ (hiding).
  6612 | D:8      | 6612 ||| READING 3 scrolls of identify.
  6612 | D:8      | 6612 ||| IDENTIFYING fizzy grey potion
  6613 | D:8      | 6613 ||| READING 2 scrolls of identify.
  6613 | D:8      | 6613 ||| IDENTIFYING coppery potion
  6614 | D:8      | 6614 ||| DROPPING potion of berserk rage.
  6615 | D:8      | 6615 ||| DROPPING potion of brilliance.
  6648 | D:7      | Noticed a kobold demonologist
  6648 | D:7      | 6648 ||| Stepping ~*~*~tactically~*~*~ (hiding).
  6656 | D:7      | 6656 ||| Stepping ~*~*~tactically~*~*~ (hiding).
  6660 | D:7      | 6660 ||| INVOKING Heroism.
  6667 | D:7      | Killed a kobold demonologist
  6667 | D:7      | Reached *** piety under Okawaru
  7252 | D:8      | Noticed a two-headed ogre
  7253 | D:8      | 7253 ||| INVOKING Heroism.
  7265 | D:8      | Killed a two-headed ogre
  7343 | D:8      | 7343 ||| Stepping ~*~*~tactically~*~*~ (hiding).
  7348 | D:8      | 7348 ||| INVOKING Heroism.
  7356 | D:8      | Reached skill level 9 in Axes
  7376 | D:8      | Noticed Grum
  7377 | D:8      | 7377 ||| INVOKING Heroism.
  7384 | D:8      | Killed Grum
  7484 | D:8      | 7484 ||| Stepping ~*~*~tactically~*~*~ (hiding).
  7490 | D:8      | 7490 ||| Stepping ~*~*~tactically~*~*~ (hiding).
  7499 | D:8      | 7499 ||| Stepping ~*~*~tactically~*~*~ (stealth).
  7604 | D:8      | 7604 ||| INVOKING Heroism.
  7608 | D:8      | Reached skill level 1 in Throwing
  7690 | D:8      | 7690 ||| READING 3 scrolls of enchant weapon.
  7690 | D:8      | 7690 ||| ENCHANTING +3 war axe of electrocution.
  7691 | D:8      | 7691 ||| READING 2 scrolls of enchant weapon.
  7691 | D:8      | 7691 ||| ENCHANTING +4 war axe of electrocution.
  7692 | D:8      | 7692 ||| READING scroll of enchant weapon.
  7692 | D:8      | 7692 ||| ENCHANTING +5 war axe of electrocution.
  7917 | D:9      | Reached skill level 12 in Shields
  7917 | D:9      | Reached XP level 11. HP: 64/66 MP: 14/14
  7955 | D:9      | Found a glowing golden altar of the Shining One.
  7955 | D:9      | Found a radiant altar of Vehumet.
  8524 | D:9      | 8524 ||| Stepping ~*~*~tactically~*~*~ (stealth).
  8537 | D:9      | 8537 ||| INVOKING Heroism.
  8714 | D:10     | 8714 ||| READING 2 scrolls of identify.
  8714 | D:10     | 8714 ||| IDENTIFYING amethyst potion
  8725 | D:10     | 8725 ||| Stepping ~*~*~tactically~*~*~ (water).
  8730 | D:10     | Reached skill level 6 in Armour
  8750 | D:10     | Found a shimmering altar of Xom.
  8920 | D:10     | Noticed a death yak
  8921 | D:10     | 8921 ||| INVOKING Heroism.
  8925 | D:10     | Noticed a death yak
  8925 | D:10     | Noticed a death yak
  8931 | D:10     | Killed a death yak
  8932 | D:10     | Noticed a death yak
  8933 | D:10     | Noticed a death yak
  8935 | D:10     | Noticed a death yak
  8939 | D:10     | Killed a death yak
  8945 | D:10     | 8945 ||| INVOKING Heroism.
  8949 | D:10     | Killed a death yak
  8949 | D:10     | Reached **** piety under Okawaru
  8958 | D:10     | Killed a death yak
  8958 | D:10     | Received a gift from Okawaru
  8966 | D:10     | Killed a death yak
  8971 | D:10     | 8971 ||| INVOKING Heroism.
  8987 | D:10     | 8987 ||| INVOKING Heroism.
  8998 | D:10     | Killed a death yak
  8998 | D:10     | Received a gift from Okawaru
  8999 | D:10     | Reached skill level 6 in Invocations
  9023 | D:10     | 9023 ||| FLEEEEING.
  9092 | D:10     | 9092 ||| Stepping ~*~*~tactically~*~*~ (stealth).
  9094 | D:10     | Found a staircase to the Lair.
  9095 | D:10     | Found a staircase to the Orcish Mines.
  9100 | D:10     | 9100 ||| INVOKING Heroism.
  9150 | D:10     | 9150 ||| FLEEEEING.
  9224 | D:10     | 9224 ||| DROPPING +1 flail of pain.
  9225 | D:10     | 9225 ||| DROPPING +0 flail.
  9253 | D:10     | 9253 ||| INVOKING Heroism.
  9308 | D:10     | Found a portal to a secret trove of treasure.
  9334 | D:10     | 9334 ||| Stepping ~*~*~tactically~*~*~ (hiding).
  9356 | D:10     | 9356 ||| Stepping ~*~*~tactically~*~*~ (stealth).
  9365 | D:10     | Reached XP level 12. HP: 69/72 MP: 17/17
  9454 | D:10     | Noticed Erica
  9455 | D:10     | 9455 ||| Stepping ~*~*~tactically~*~*~ (hiding).
  9456 | D:10     | 9456 ||| Stepping ~*~*~tactically~*~*~ (hiding).
  9457 | D:10     | 9457 ||| INVOKING Heroism.
  9464 | D:10     | 9464 ||| DRINKING 6 potions of curing.
  9464 | D:10     | 9464 ||| (to cure confusion)
  9465 | D:10     | Killed Erica
  9466 | D:10     | Reached skill level 3 in Throwing
  9742 | D:10     | 9742 ||| PLANNING LAIR
  9742 | D:10     | 9742 ||| DROPPING potion of ambrosia.
  9771 | Lair:1   | Entered Level 1 of the Lair of Beasts
  9772 | Lair:1   | 9772 ||| PLANNING GAUNTLET
  9779 | Lair:1   | 9779 ||| INVOKING Heroism.
  9900 | Lair:1   | 9900 ||| Stepping ~*~*~tactically~*~*~ (stealth).
  9902 | Lair:1   | 9902 ||| INVOKING Heroism.
  9908 | Lair:1   | Received a gift from Okawaru
  9952 | Lair:1   | 9952 ||| Stepping ~*~*~tactically~*~*~ (hiding).
  9953 | Lair:1   | 9953 ||| INVOKING Heroism.
  9955 | Lair:1   | 9955 ||| Stepping ~*~*~tactically~*~*~ (hiding).
 10047 | Lair:1   | 10047 ||| Stepping ~*~*~tactically~*~*~ (hiding).
 10052 | Lair:1   | 10052 ||| INVOKING Heroism.
 10100 | Lair:1   | 10100 ||| INVOKING Heroism.
 10228 | Lair:1   | 10228 ||| RIP GAUNTLET
 10258 | Lair:1   | 10258 ||| PLANNING LAIR
 10288 | Lair:1   | 10288 ||| INVOKING Heroism.
 10302 | Lair:1   | Reached skill level 9 in Invocations
 10306 | Lair:1   | Received a gift from Okawaru
 10657 | Lair:1   | Noticed a boulder beetle
 10658 | Lair:1   | 10658 ||| INVOKING Heroism.
 10673 | Lair:1   | 10673 ||| INVOKING Heroism.
 10679 | Lair:1   | Killed a boulder beetle
 11074 | Lair:1   | 11074 ||| UPGRADING to amulet of faith.
 11125 | Lair:2   | 11125 ||| READING scroll of enchant weapon.
 11125 | Lair:2   | 11125 ||| ENCHANTING +6 war axe of electrocution.
 11140 | Lair:2   | 11140 ||| Stepping ~*~*~tactically~*~*~ (stealth).
 11161 | Lair:2   | 11161 ||| READING scroll of enchant weapon.
 11161 | Lair:2   | 11161 ||| ENCHANTING +7 war axe of electrocution.
 11185 | Lair:2   | 11185 ||| Stepping ~*~*~tactically~*~*~ (hiding).
 11188 | Lair:2   | 11188 ||| Stepping ~*~*~tactically~*~*~ (hiding).
 11194 | Lair:2   | Reached ***** piety under Okawaru
 11284 | Lair:2   | Noticed a six-headed hydra
 11285 | Lair:2   | 11285 ||| Stepping ~*~*~tactically~*~*~ (stealth).
 11305 | Lair:2   | 11305 ||| INVOKING Heroism.
 11310 | Lair:2   | 11310 ||| SWAPPING to +0 morningstar of holy wrath.
 11312 | Lair:2   | Killed a six-headed hydra
 11313 | Lair:2   | 11313 ||| SWAPPING to +8 war axe of electrocution.
 11404 | Lair:2   | 11404 ||| Stepping ~*~*~tactically~*~*~ (hiding).
 11504 | Lair:2   | 11504 ||| INVOKING Heroism.
 11505 | Lair:2   | 11505 ||| Stepping ~*~*~tactically~*~*~ (stealth).
 11532 | Lair:2   | Reached XP level 13. HP: 78/78 MP: 20/20
 11572 | Lair:2   | 11572 ||| Stepping ~*~*~tactically~*~*~ (stealth).
 11574 | Lair:2   | 11574 ||| Stepping ~*~*~tactically~*~*~ (stealth).
 11575 | Lair:2   | 11575 ||| Stepping ~*~*~tactically~*~*~ (stealth).
 11731 | Lair:2   | 11731 ||| INVOKING Heroism.
 11732 | Lair:2   | 11732 ||| INVOKING Finesse.
 12007 | Lair:2   | 12007 ||| READING scroll labelled IFETZEU XOON.
 12059 | Lair:3   | 12059 ||| STAIRDANCE
 12106 | Lair:3   | Reached skill level 9 in Fighting
 12166 | Lair:3   | Noticed Snorg
 12167 | Lair:3   | 12167 ||| INVOKING Heroism.
 12168 | Lair:3   | 12168 ||| INVOKING Finesse.
 12173 | Lair:3   | Killed Snorg
 12173 | Lair:3   | Received a gift from Okawaru
 12228 | Lair:3   | 12228 ||| Stepping ~*~*~tactically~*~*~ (stealth).
 12230 | Lair:3   | 12230 ||| Stepping ~*~*~tactically~*~*~ (stealth).
 12235 | Lair:3   | 12235 ||| Stepping ~*~*~tactically~*~*~ (stealth).
 12438 | Lair:3   | 12438 ||| INVOKING Heroism.
 12439 | Lair:3   | 12439 ||| INVOKING Finesse.
 12442 | Lair:3   | 12442 ||| SWAPPING to +0 morningstar of holy wrath.
 12448 | Lair:3   | 12448 ||| SWAPPING to +8 war axe of electrocution.
 12460 | Lair:3   | Found a staircase to the Snake Pit.
 12482 | Lair:3   | 12482 ||| Stepping ~*~*~tactically~*~*~ (stealth).
 12517 | Lair:3   | Identified the +4 kite shield "Daathen" {Harm Regen+ Str+4
                  | Dex-4} (Okawaru gifted it to you on level 3 of the Lair of
                  | Beasts)
 12517 | Lair:3   | Received a gift from Okawaru
 12647 | Lair:3   | 12647 ||| INVOKING Heroism.
 12653 | Lair:3   | Reached skill level 12 in Axes
 12682 | Lair:3   | Found a staircase to the Shoals.
 13068 | Lair:3   | 13068 ||| Stepping ~*~*~tactically~*~*~ (hiding).
 13069 | Lair:3   | 13069 ||| Stepping ~*~*~tactically~*~*~ (hiding).
 13070 | Lair:3   | 13070 ||| Stepping ~*~*~tactically~*~*~ (hiding).
 13159 | Lair:3   | 13159 ||| Stepping ~*~*~tactically~*~*~ (stealth).
 13203 | Lair:3   | 13203 ||| UPGRADING to +1 helmet.
 13208 | Lair:3   | 13208 ||| READING scroll labelled QYIRUO QOCWE.
 13209 | Lair:3   | 13209 ||| READING 2 scrolls of identify.
 13209 | Lair:3   | 13209 ||| IDENTIFYING emerald potion
 13269 | Lair:4   | 13269 ||| Stepping ~*~*~tactically~*~*~ (stealth).
 13270 | Lair:4   | 13270 ||| Stepping ~*~*~tactically~*~*~ (stealth).
 13272 | Lair:4   | 13272 ||| Stepping ~*~*~tactically~*~*~ (stealth).
 13273 | Lair:4   | 13273 ||| INVOKING Heroism.
 13291 | Lair:4   | Reached skill level 9 in Armour
 13334 | Lair:4   | 13334 ||| INVOKING Heroism.
 13476 | Lair:4   | 13476 ||| INVOKING Heroism.
 13477 | Lair:4   | 13477 ||| INVOKING Finesse.
 13487 | Lair:4   | Gained mutation: Your large and strong wings let you fly.
                  | [Gargoyle growth]
 13487 | Lair:4   | Reached XP level 14. HP: 56/86 MP: 14/21
 13592 | Lair:4   | 13592 ||| INVOKING Heroism.
 13593 | Lair:4   | 13593 ||| INVOKING Finesse.
 13686 | Lair:4   | Received a gift from Okawaru
 13838 | Lair:4   | Found a staircase to the Slime Pits.
 13849 | Lair:4   | Found a viscous altar of Jiyva.
 14287 | Lair:5   | Entered Level 5 of the Lair of Beasts
 14299 | Lair:5   | 14299 ||| INVOKING Heroism.
 14304 | Lair:5   | 14304 ||| Stepping ~*~*~tactically~*~*~ (hiding).
 14325 | Lair:5   | 14325 ||| Stepping ~*~*~tactically~*~*~ (stealth).
 14337 | Lair:5   | Received a gift from Okawaru
 14377 | Lair:5   | 14377 ||| INVOKING Heroism.
 14378 | Lair:5   | 14378 ||| INVOKING Finesse.
 14392 | Lair:5   | 14392 ||| SWAPPING to +0 morningstar of holy wrath.
 14399 | Lair:5   | 14399 ||| SWAPPING to +8 war axe of electrocution.
 14427 | Lair:5   | Noticed Josephine
 14441 | Lair:5   | Killed Josephine
 14456 | Lair:5   | Received a gift from Okawaru
 14483 | Lair:5   | 14483 ||| Stepping ~*~*~tactically~*~*~ (stealth).
 14500 | Lair:5   | 14500 ||| Stepping ~*~*~tactically~*~*~ (stealth).
 14513 | Lair:5   | 14513 ||| INVOKING Heroism.
 14514 | Lair:5   | 14514 ||| INVOKING Finesse.
 14517 | Lair:5   | Reached skill level 15 in Shields
 14523 | Lair:5   | 14523 ||| SWAPPING to +0 morningstar of holy wrath.
 14531 | Lair:5   | 14531 ||| SWAPPING to +8 war axe of electrocution.
 14676 | Lair:5   | Received a gift from Okawaru
 14684 | Lair:5   | 14684 ||| SWAPPING to +3 broad axe of flaming.
 14685 | Lair:5   | 14685 ||| DROPPING +0 morningstar of holy wrath.
 14686 | Lair:5   | 14686 ||| DROPPING +8 war axe of electrocution.
 14706 | Lair:5   | 14706 ||| Stepping ~*~*~tactically~*~*~ (stealth).
 14708 | Lair:5   | 14708 ||| Stepping ~*~*~tactically~*~*~ (stealth).
 14743 | Lair:5   | 14743 ||| INVOKING Heroism.
 14754 | Lair:5   | 14754 ||| Stepping ~*~*~tactically~*~*~ (hiding).
 14755 | Lair:5   | 14755 ||| Stepping ~*~*~tactically~*~*~ (hiding).
 14841 | Lair:5   | 14841 ||| INVOKING Heroism.
 14842 | Lair:5   | 14842 ||| INVOKING Finesse.
 15062 | Lair:5   | 15062 ||| Stepping ~*~*~tactically~*~*~ (stealth).
 15110 | Lair:5   | 15110 ||| Stepping ~*~*~tactically~*~*~ (stealth).
 15124 | Lair:5   | 15124 ||| FLEEEEING.
 15241 | Lair:5   | 15241 ||| INVOKING Heroism.
 15242 | Lair:5   | 15242 ||| INVOKING Finesse.
 15243 | Lair:5   | 15243 ||| Stepping ~*~*~tactically~*~*~ (stealth).
 15253 | Lair:5   | Received a gift from Okawaru
 15260 | Lair:5   | 15260 ||| Stepping ~*~*~tactically~*~*~ (stealth).
 15292 | Lair:5   | 15292 ||| INVOKING Heroism.
 15293 | Lair:5   | 15293 ||| Stepping ~*~*~tactically~*~*~ (stealth).
 15323 | Lair:5   | 15323 ||| Stepping ~*~*~tactically~*~*~ (stealth).
 15328 | Lair:5   | 15328 ||| Stepping ~*~*~tactically~*~*~ (stealth).
 15357 | Lair:5   | 15357 ||| Stepping ~*~*~tactically~*~*~ (stealth).
 15360 | Lair:5   | 15360 ||| INVOKING Heroism.
 15361 | Lair:5   | 15361 ||| INVOKING Finesse.
 15426 | Lair:5   | Noticed a dire elephant
 15427 | Lair:5   | 15427 ||| Stepping ~*~*~tactically~*~*~ (stealth).
 15429 | Lair:5   | 15429 ||| INVOKING Heroism.
 15437 | Lair:5   | Killed a dire elephant
 15446 | Lair:5   | Reached XP level 15. HP: 62/92 MP: 22/22
 15852 | Lair:5   | 15852 ||| PLANNING D:1-11
 16399 | D:11     | 16399 ||| Stepping ~*~*~tactically~*~*~ (stealth).
 16644 | D:11     | 16644 ||| PLANNING D
 16706 | D:12     | Received a gift from Okawaru
 16950 | D:12     | 16950 ||| Stepping ~*~*~tactically~*~*~ (hiding).
 17409 | D:12     | 17409 ||| READING 6 scrolls of identify.
 17409 | D:12     | 17409 ||| IDENTIFYING fuming golden potion
 17452 | D:13     | 17452 ||| INVOKING Heroism.
 17493 | D:13     | HP: 15/94 [meliai/divine providence (11)]
 17494 | D:13     | 17494 ||| READING 2 scrolls of teleportation.
 17495 | D:13     | 17495 ||| DRINKING 5 potions of heal wounds.
 17496 | D:13     | 17496 ||| DRINKING 4 potions of heal wounds.
 17500 | D:13     | 17500 ||| FLEEEEING.
 17516 | D:13     | 17516 ||| INVOKING Heroism.
 17587 | D:13     | 17587 ||| Stepping ~*~*~tactically~*~*~ (stealth).
 17695 | D:13     | 17695 ||| INVOKING Heroism.
 17798 | D:13     | Found a frozen archway.
 17800 | D:13     | 17800 ||| READING scroll of brand weapon.
 17800 | D:13     | 17800 ||| BRANDING +3 broad axe of flaming.
 17808 | D:13     | 17808 ||| READING scroll of enchant armour.
 17808 | D:13     | 17808 ||| ENCHANTING +2 plate armour of fire resistance.
 18150 | D:13     | 18150 ||| Stepping ~*~*~tactically~*~*~ (hiding).
 18158 | D:13     | Received a gift from Okawaru
 18163 | D:13     | 18163 ||| INVOKING Heroism.
 18164 | D:13     | 18164 ||| SWAPPING to +0 flail.
 18165 | D:13     | 18165 ||| INVOKING Finesse.
 18180 | D:13     | 18180 ||| SWAPPING to +3 broad axe of venom.
 18195 | D:13     | Reached skill level 6 in Throwing
 18286 | D:13     | Found a gate to the Vaults.
 18317 | D:13     | 18317 ||| INVOKING Heroism.
 18327 | D:13     | Received a gift from Okawaru
 18349 | D:13     | 18349 ||| FLEEEEING.
 18350 | D:13     | 18350 ||| FLEEEEING.
 18351 | D:13     | 18351 ||| FLEEEEING.
 18352 | D:13     | 18352 ||| FLEEEEING.
 18353 | D:13     | 18353 ||| FLEEEEING.
 18354 | D:13     | 18354 ||| FLEEEEING.
 18355 | D:13     | 18355 ||| FLEEEEING.
 18358 | D:13     | 18358 ||| FLEEEEING.
 18359 | D:13     | 18359 ||| FLEEEEING.
 18546 | D:13     | 18546 ||| DROPPING scarf of invisibility.
 18547 | D:13     | 18547 ||| READING scroll labelled DUNISO SUMINK.
 18737 | D:14     | 18737 ||| Stepping ~*~*~tactically~*~*~ (hiding).
 19040 | D:14     | Noticed Nessos
 19041 | D:14     | 19041 ||| INVOKING Finesse.
 19059 | D:14     | Killed Nessos
 19287 | D:14     | 19287 ||| Stepping ~*~*~tactically~*~*~ (stealth).
 19288 | D:14     | 19288 ||| Stepping ~*~*~tactically~*~*~ (stealth).
 19302 | D:14     | Reached skill level 15 in Axes
 19369 | D:14     | 19369 ||| Stepping ~*~*~tactically~*~*~ (hiding).
 19370 | D:14     | 19370 ||| Stepping ~*~*~tactically~*~*~ (hiding).
 19376 | D:14     | Received a gift from Okawaru
 19379 | D:14     | Reached skill level 3 in Dodging
 19439 | D:14     | 19439 ||| SWAPPING to +3 broad axe of freezing.
 19440 | D:14     | 19440 ||| DROPPING +3 broad axe of venom.
 19541 | D:14     | Found a sacrificial altar of Ru.
 19566 | D:14     | 19566 ||| Stepping ~*~*~tactically~*~*~ (stealth).
 19568 | D:14     | 19568 ||| Stepping ~*~*~tactically~*~*~ (stealth).
 19717 | D:14     | 19717 ||| Stepping ~*~*~tactically~*~*~ (stealth).
 19721 | D:14     | 19721 ||| Stepping ~*~*~tactically~*~*~ (stealth).
 20153 | D:14     | 20153 ||| READING scroll labelled LINEGE UFAHIU.
 20182 | D:15     | Entered Level 15 of the Dungeon
 20200 | D:15     | 20200 ||| INVOKING Heroism.
 20285 | D:15     | 20285 ||| STAIRDANCE
 20335 | D:15     | 20335 ||| Stepping ~*~*~tactically~*~*~ (stealth).
 20337 | D:15     | Found a staircase to the Depths.
 20339 | D:15     | 20339 ||| INVOKING Heroism.
 20543 | D:15     | Found a transporter.
 20566 | D:15     | 20566 ||| FLEEEEING.
 20574 | D:15     | 20574 ||| FLEEEEING.
 20575 | D:15     | 20575 ||| FLEEEEING.
 20577 | D:15     | 20577 ||| FLEEEEING.
 20579 | D:15     | 20579 ||| FLEEEEING.
 20580 | D:15     | 20580 ||| FLEEEEING.
 20583 | D:15     | 20583 ||| STAIRDANCE
 20738 | D:15     | Noticed qw's ghost (journeyman GrFi)
 20765 | D:15     | 20765 ||| INVOKING Heroism.
 20780 | D:15     | Reached XP level 16. HP: 101/101 MP: 23/23
 20788 | D:15     | Found a transporter.
 20789 | D:15     | 20789 ||| Stepping ~*~*~tactically~*~*~ (hiding).
 20905 | D:15     | 20905 ||| DROPPING +0 flail.
 20921 | D:15     | Reached skill level 12 in Fighting
 20924 | D:15     | 20924 ||| Stepping ~*~*~tactically~*~*~ (hiding).
 20926 | D:15     | 20926 ||| Stepping ~*~*~tactically~*~*~ (hiding).
 20927 | D:15     | 20927 ||| Stepping ~*~*~tactically~*~*~ (hiding).
 20936 | D:15     | 20936 ||| INVOKING Heroism.
 21004 | D:15     | 21004 ||| Stepping ~*~*~tactically~*~*~ (stealth).
 21005 | D:15     | 21005 ||| Stepping ~*~*~tactically~*~*~ (stealth).
 21006 | D:15     | 21006 ||| Stepping ~*~*~tactically~*~*~ (stealth).
 21090 | D:15     | 21090 ||| INVOKING Heroism.
 21182 | D:15     | 21182 ||| Stepping ~*~*~tactically~*~*~ (hiding).
 21187 | D:15     | 21187 ||| Stepping ~*~*~tactically~*~*~ (hiding).
 21230 | D:15     | 21230 ||| READING scroll of enchant weapon.
 21230 | D:15     | 21230 ||| ENCHANTING +3 broad axe of freezing.
 21233 | D:15     | 21233 ||| Stepping ~*~*~tactically~*~*~ (hiding).
 21235 | D:15     | 21235 ||| Stepping ~*~*~tactically~*~*~ (hiding).
 21237 | D:15     | 21237 ||| Stepping ~*~*~tactically~*~*~ (hiding).
 21243 | D:15     | 21243 ||| Stepping ~*~*~tactically~*~*~ (hiding).
 21245 | D:15     | 21245 ||| Stepping ~*~*~tactically~*~*~ (hiding).
 21247 | D:15     | 21247 ||| Stepping ~*~*~tactically~*~*~ (hiding).
 21248 | D:15     | 21248 ||| Stepping ~*~*~tactically~*~*~ (hiding).
 21249 | D:15     | 21249 ||| Stepping ~*~*~tactically~*~*~ (hiding).
 21250 | D:15     | 21250 ||| Stepping ~*~*~tactically~*~*~ (hiding).
 21251 | D:15     | 21251 ||| Stepping ~*~*~tactically~*~*~ (hiding).
 21257 | D:15     | Identified the +8 war axe "Reydel" {freeze, Stlth+}
                  | (Okawaru gifted it to you on level 15 of the Dungeon)
 21257 | D:15     | Received a gift from Okawaru
 21359 | D:15     | 21359 ||| DROPPING +8 war axe "Reydel" {freeze, Stlth+}.
 21406 | D:15     | 21406 ||| INVOKING Heroism.
 21444 | D:15     | 21444 ||| Stepping ~*~*~tactically~*~*~ (stealth).
 21445 | D:15     | 21445 ||| Stepping ~*~*~tactically~*~*~ (stealth).
 21515 | D:15     | 21515 ||| Stepping ~*~*~tactically~*~*~ (stealth).
 21557 | D:15     | 21557 ||| Stepping ~*~*~tactically~*~*~ (hiding).
 21558 | D:15     | 21558 ||| INVOKING Heroism.
 21797 | D:15     | 21797 ||| PLANNING ORC
 21914 | Orc:1    | Entered Level 1 of the Orcish Mines
 21915 | Orc:1    | 21915 ||| INVOKING Heroism.
 21916 | Orc:1    | 21916 ||| INVOKING Finesse.
 21928 | Orc:1    | 21928 ||| Stepping ~*~*~tactically~*~*~ (stealth).
 21936 | Orc:1    | 21936 ||| Stepping ~*~*~tactically~*~*~ (stealth).
 21937 | Orc:1    | 21937 ||| Stepping ~*~*~tactically~*~*~ (hiding).
 21938 | Orc:1    | 21938 ||| Stepping ~*~*~tactically~*~*~ (hiding).
 21940 | Orc:1    | 21940 ||| Stepping ~*~*~tactically~*~*~ (hiding).
 21945 | Orc:1    | 21945 ||| Stepping ~*~*~tactically~*~*~ (hiding).
 21976 | Orc:1    | 21976 ||| FLEEEEING.
 21977 | Orc:1    | 21977 ||| STAIRDANCE
 22025 | Orc:1    | 22025 ||| INVOKING Heroism.
 22027 | Orc:1    | Noticed Erolcha
 22042 | Orc:1    | Killed Erolcha
 22079 | Orc:1    | 22079 ||| DRINKING 10 potions of curing.
 22079 | Orc:1    | 22079 ||| (to cure confusion)
 22088 | Orc:1    | Noticed Urug
 22089 | Orc:1    | 22089 ||| FLEEEEING.
 22090 | Orc:1    | 22090 ||| FLEEEEING.
 22091 | Orc:1    | 22091 ||| FLEEEEING.
 22092 | Orc:1    | 22092 ||| FLEEEEING.
 22093 | Orc:1    | 22093 ||| FLEEEEING.
 22094 | Orc:1    | 22094 ||| FLEEEEING.
 22095 | Orc:1    | 22095 ||| FLEEEEING.
 22096 | Orc:1    | 22096 ||| FLEEEEING.
 22097 | Orc:1    | 22097 ||| STAIRDANCE
 22156 | Orc:1    | 22156 ||| INVOKING Heroism.
 22157 | Orc:1    | 22157 ||| INVOKING Finesse.
 22159 | Orc:1    | 22159 ||| STAIRDANCE
 22161 | D:10     | 22161 ||| DRINKING 9 potions of curing.
 22161 | D:10     | 22161 ||| (to cure confusion)
 22169 | D:10     | Killed Urug
 22429 | Orc:2    | Entered Level 2 of the Orcish Mines
 22432 | Orc:2    | 22432 ||| STAIRDANCE
 22525 | Orc:2    | 22525 ||| Stepping ~*~*~tactically~*~*~ (hiding).
 22527 | Orc:2    | 22527 ||| Stepping ~*~*~tactically~*~*~ (hiding).
 22735 | Orc:2    | Found a staircase to the Elven Halls.
 22758 | Orc:2    | 22758 ||| Stepping ~*~*~tactically~*~*~ (hiding).
 22759 | Orc:2    | 22759 ||| Stepping ~*~*~tactically~*~*~ (hiding).
 22787 | Orc:2    | 22787 ||| Stepping ~*~*~tactically~*~*~ (hiding).
 22791 | Orc:2    | 22791 ||| DRINKING 8 potions of curing.
 22791 | Orc:2    | 22791 ||| (to cure confusion)
 22850 | Orc:2    | 22850 ||| DROPPING +3 flail.
 23056 | Orc:2    | 23056 ||| INVOKING Heroism.
 23060 | Orc:2    | 23060 ||| DRINKING 7 potions of curing.
 23060 | Orc:2    | 23060 ||| (to cure confusion)
 23084 | Orc:2    | 23084 ||| Stepping ~*~*~tactically~*~*~ (stealth).
 23106 | Orc:2    | Found Eschyocs's Magic Scroll Shoppe.
 23114 | Orc:2    | 23114 ||| BUYING scroll of acquirement (884 gold).
 23114 | Orc:2    | Bought a scroll of acquirement for 884 gold pieces
 23114 | Orc:2    | 23114 ||| BUYING scroll of enchant armour (127 gold).
 23114 | Orc:2    | Bought a scroll of enchant armour for 127 gold pieces
 23114 | Orc:2    | 23114 ||| BUYING scroll of enchant armour (127 gold).
 23114 | Orc:2    | Bought a scroll of enchant armour for 127 gold pieces
 23114 | Orc:2    | 23114 ||| BUYING scroll of teleportation (51 gold).
 23114 | Orc:2    | Bought a scroll of teleportation for 51 gold pieces
 23114 | Orc:2    | 23114 ||| BUYING scroll of teleportation (51 gold).
 23114 | Orc:2    | Bought a scroll of teleportation for 51 gold pieces
 23114 | Orc:2    | 23114 ||| BUYING scroll of teleportation (51 gold).
 23114 | Orc:2    | Bought a scroll of teleportation for 51 gold pieces
 23114 | Orc:2    | 23114 ||| BUYING scroll of teleportation (51 gold).
 23114 | Orc:2    | Bought a scroll of teleportation for 51 gold pieces
 23114 | Orc:2    | 23114 ||| Stepping ~*~*~tactically~*~*~ (hiding).
 23115 | Orc:2    | 23115 ||| Stepping ~*~*~tactically~*~*~ (hiding).
 23220 | Orc:2    | 23220 ||| READING scroll of acquirement.
 23220 | Orc:2    | 23220 ||| ACQUIRING +4 heavy broad axe
 23220 | Orc:2    | Acquired a +4 heavy broad axe
 23222 | Orc:2    | 23222 ||| SWAPPING to +4 heavy broad axe.
 23223 | Orc:2    | 23223 ||| DROPPING +4 broad axe of freezing.
 23224 | Orc:2    | 23224 ||| READING 2 scrolls of enchant armour.
 23224 | Orc:2    | 23224 ||| ENCHANTING +3 plate armour of fire resistance.
 23225 | Orc:2    | 23225 ||| READING scroll of enchant armour.
 23225 | Orc:2    | 23225 ||| ENCHANTING +4 plate armour of fire resistance.
 23238 | Orc:2    | Found an ancient bone altar of Kikubaaqudgha.
 23238 | Orc:2    | Paralysed by an orc sorcerer for 4 turns
 23238 | Orc:2    | Noticed Nergalle
 23242 | Orc:2    | 23242 ||| INVOKING Heroism.
 23244 | Orc:2    | Received a gift from Okawaru
 23251 | Orc:2    | Killed Nergalle
 23263 | Orc:2    | 23263 ||| Stepping ~*~*~tactically~*~*~ (hiding).
 23264 | Orc:2    | 23264 ||| Stepping ~*~*~tactically~*~*~ (hiding).
 23358 | Orc:2    | Found Xonwo's Jewellery Shoppe.
 23365 | Orc:2    | 23365 ||| INVOKING Heroism.
 23371 | Orc:2    | 23371 ||| Stepping ~*~*~tactically~*~*~ (hiding).
 23382 | Orc:2    | 23382 ||| Stepping ~*~*~tactically~*~*~ (hiding).
 23389 | Orc:2    | Received a gift from Okawaru
 23410 | Orc:2    | 23410 ||| BUYING +4 ring of protection (612 gold).
 23410 | Orc:2    | Bought a +4 ring of protection for 612 gold pieces
 23410 | Orc:2    | 23410 ||| SHOPLISTING ring of Folouts {rC+ Int+2} (615
                  | gold, have 194).
 23412 | Orc:2    | Found a radiant altar of Vehumet.
 23417 | Orc:2    | 23417 ||| Stepping ~*~*~tactically~*~*~ (stealth).
 23419 | Orc:2    | 23419 ||| INVOKING Heroism.
 23568 | Orc:2    | 23568 ||| INVOKING Heroism.
 23575 | Orc:2    | Found Ucki's Distillery.
 23576 | Orc:2    | Noticed Sonja
 23585 | Orc:2    | Killed Sonja
 23697 | Orc:2    | Found Luteivvo's Antique Armour Emporium.
 23699 | Orc:2    | 23699 ||| BUYING potion of curing (45 gold).
 23699 | Orc:2    | Bought a potion of curing for 45 gold pieces
 23699 | Orc:2    | 23699 ||| SHOPLISTING potion of haste (150 gold, have 149).
 23699 | Orc:2    | 23699 ||| BUYING potion of lignification (45 gold).
 23699 | Orc:2    | Bought a potion of lignification for 45 gold pieces
 23699 | Orc:2    | 23699 ||| SHOPLISTING potion of mutation (120 gold, have
                  | 104).
 23707 | Orc:2    | 23707 ||| SHOPLISTING cloak (108 gold, have 104).
 23804 | Orc:2    | 23804 ||| PLANNING SNAKE:1-3
 23913 | Snake:1  | Entered Level 1 of the Snake Pit
 23918 | Snake:1  | 23918 ||| Stepping ~*~*~tactically~*~*~ (hiding).
 23919 | Snake:1  | 23919 ||| Stepping ~*~*~tactically~*~*~ (hiding).
 23922 | Snake:1  | 23922 ||| INVOKING Heroism.
 23949 | Snake:1  | 23949 ||| READING scroll of enchant armour.
 23949 | Snake:1  | 23949 ||| ENCHANTING +5 plate armour of fire resistance.
 23977 | Snake:1  | 23977 ||| Stepping ~*~*~tactically~*~*~ (hiding).
 23978 | Snake:1  | 23978 ||| Stepping ~*~*~tactically~*~*~ (hiding).
 24113 | Snake:1  | 24113 ||| Stepping ~*~*~tactically~*~*~ (hiding).
 24114 | Snake:1  | 24114 ||| INVOKING Heroism.
 24117 | Snake:1  | Noticed Aizul
 24117 | Snake:1  | 24117 ||| INVOKING Finesse.
 24129 | Snake:1  | Killed Aizul
 24134 | Snake:1  | 24134 ||| Stepping ~*~*~tactically~*~*~ (hiding).
 24135 | Snake:1  | 24135 ||| Stepping ~*~*~tactically~*~*~ (hiding).
 24136 | Snake:1  | 24136 ||| Stepping ~*~*~tactically~*~*~ (hiding).
 24175 | Snake:1  | 24175 ||| Stepping ~*~*~tactically~*~*~ (stealth).
 24193 | Snake:1  | 24193 ||| Stepping ~*~*~tactically~*~*~ (stealth).
 24264 | Snake:1  | 24264 ||| Stepping ~*~*~tactically~*~*~ (stealth).
 24335 | Snake:1  | 24335 ||| Stepping ~*~*~tactically~*~*~ (stealth).
 24337 | Snake:1  | 24337 ||| Stepping ~*~*~tactically~*~*~ (stealth).
 24344 | Snake:1  | Received a gift from Okawaru
 24429 | Snake:1  | 24429 ||| INVOKING Heroism.
 24432 | Snake:1  | Received a gift from Okawaru
 24509 | Snake:1  | 24509 ||| Stepping ~*~*~tactically~*~*~ (stealth).
 24510 | Snake:1  | 24510 ||| Stepping ~*~*~tactically~*~*~ (stealth).
 24543 | Snake:1  | 24543 ||| Stepping ~*~*~tactically~*~*~ (stealth).
 24544 | Snake:1  | 24544 ||| Stepping ~*~*~tactically~*~*~ (stealth).
 24545 | Snake:1  | 24545 ||| Stepping ~*~*~tactically~*~*~ (hiding).
 24546 | Snake:1  | 24546 ||| Stepping ~*~*~tactically~*~*~ (stealth).
 24547 | Snake:1  | 24547 ||| INVOKING Heroism.
 24635 | Snake:1  | Identified the +1 chain mail of Zin's Righteous Anger
                  | {MP+9}
 24670 | Snake:1  | Reached XP level 17. HP: 88/106 MP: 24/24
 24670 | Snake:1  | Found Suzuryn's Assorted Antiques.
 24727 | Snake:1  | 24727 ||| BUYING black potion (29 gold).
 24727 | Snake:1  | Bought a black potion for 29 gold pieces
 24727 | Snake:1  | 24727 ||| SHOPLISTING potion of might (132 gold, have 124).
 24820 | Snake:1  | 24820 ||| Stepping ~*~*~tactically~*~*~ (hiding).
 24866 | Snake:1  | 24866 ||| Stepping ~*~*~tactically~*~*~ (hiding).
 24881 | Snake:1  | 24881 ||| Stepping ~*~*~tactically~*~*~ (stealth).
 25045 | Snake:1  | 25045 ||| READING 14 scrolls of identify.
 25045 | Snake:1  | 25045 ||| IDENTIFYING black potion
 25102 | Snake:2  | Found Luvisifo's Weapon Boutique.
 25110 | Snake:2  | Found Cuyvesa's Assorted Antiques.
 25118 | Snake:2  | 25118 ||| BUYING potion of might (100 gold).
 25118 | Snake:2  | Bought a potion of might for 100 gold pieces
 25175 | Snake:2  | 25175 ||| Stepping ~*~*~tactically~*~*~ (stealth).
 25177 | Snake:2  | 25177 ||| Stepping ~*~*~tactically~*~*~ (hiding).
 25181 | Snake:2  | 25181 ||| Stepping ~*~*~tactically~*~*~ (hiding).
 25326 | Snake:2  | 25326 ||| FLEEEEING.
 25327 | Snake:2  | 25327 ||| FLEEEEING.
 25328 | Snake:2  | 25328 ||| FLEEEEING.
 25342 | Snake:2  | 25342 ||| Stepping ~*~*~tactically~*~*~ (hiding).
 25344 | Snake:2  | 25344 ||| Stepping ~*~*~tactically~*~*~ (hiding).
 25346 | Snake:2  | 25346 ||| Stepping ~*~*~tactically~*~*~ (hiding).
 25348 | Snake:2  | 25348 ||| Stepping ~*~*~tactically~*~*~ (hiding).
 25447 | Snake:2  | 25447 ||| Stepping ~*~*~tactically~*~*~ (hiding).
 25459 | Snake:2  | Received a gift from Okawaru
 25687 | Snake:2  | Identified the +0 kite shield of Happiness {Rampage rElec
                  | rC+ Int-2} (Okawaru gifted it to you on level 2 of the
                  | Snake Pit)
 25687 | Snake:2  | Received a gift from Okawaru
 25803 | Snake:2  | 25803 ||| INVOKING Heroism.
 25807 | Snake:2  | Reached skill level 12 in Armour
 25842 | Snake:2  | 25842 ||| INVOKING Heroism.
 25962 | Snake:2  | 25962 ||| FLEEEEING.
 25963 | Snake:2  | 25963 ||| FLEEEEING.
 25964 | Snake:2  | 25964 ||| FLEEEEING.
 25965 | Snake:2  | 25965 ||| FLEEEEING.
 25966 | Snake:2  | 25966 ||| FLEEEEING.
 25967 | Snake:2  | 25967 ||| FLEEEEING.
 25968 | Snake:2  | 25968 ||| FLEEEEING.
 25969 | Snake:2  | 25969 ||| FLEEEEING.
 25970 | Snake:2  | 25970 ||| FLEEEEING.
 25971 | Snake:2  | 25971 ||| FLEEEEING.
 25972 | Snake:2  | 25972 ||| FLEEEEING.
 25975 | Snake:2  | 25975 ||| FLEEEEING.
 25976 | Snake:2  | 25976 ||| FLEEEEING.
 25977 | Snake:2  | 25977 ||| FLEEEEING.
 25978 | Snake:2  | 25978 ||| FLEEEEING.
 25979 | Snake:2  | 25979 ||| FLEEEEING.
 25980 | Snake:2  | 25980 ||| FLEEEEING.
 25981 | Snake:2  | 25981 ||| FLEEEEING.
 25984 | Snake:2  | 25984 ||| STAIRDANCE
 26041 | Snake:2  | 26041 ||| Stepping ~*~*~tactically~*~*~ (hiding).
 26187 | Snake:2  | 26187 ||| Stepping ~*~*~tactically~*~*~ (hiding).
 26189 | Snake:2  | 26189 ||| Stepping ~*~*~tactically~*~*~ (hiding).
 26216 | Snake:2  | 26216 ||| Stepping ~*~*~tactically~*~*~ (hiding).
 26452 | Snake:2  | 26452 ||| Stepping ~*~*~tactically~*~*~ (hiding).
 26457 | Snake:2  | 26457 ||| Stepping ~*~*~tactically~*~*~ (hiding).
 26461 | Snake:2  | 26461 ||| INVOKING Heroism.
 26628 | Snake:2  | 26628 ||| INVOKING Heroism.
 26812 | Snake:2  | 26812 ||| Stepping ~*~*~tactically~*~*~ (hiding).
 26814 | Snake:2  | 26814 ||| Stepping ~*~*~tactically~*~*~ (hiding).
 26817 | Snake:2  | 26817 ||| Stepping ~*~*~tactically~*~*~ (hiding).
 26942 | Snake:2  | 26942 ||| Stepping ~*~*~tactically~*~*~ (hiding).
 27050 | Snake:2  | 27050 ||| Stepping ~*~*~tactically~*~*~ (hiding).
 27062 | Snake:2  | 27062 ||| Stepping ~*~*~tactically~*~*~ (hiding).
 27170 | Snake:2  | 27170 ||| INVOKING Heroism.
 27452 | Snake:3  | 27452 ||| Stepping ~*~*~tactically~*~*~ (stealth).
 27513 | Snake:3  | 27513 ||| INVOKING Heroism.
 27547 | Snake:3  | 27547 ||| Stepping ~*~*~tactically~*~*~ (stealth).
 27548 | Snake:3  | 27548 ||| Stepping ~*~*~tactically~*~*~ (stealth).
 27549 | Snake:3  | 27549 ||| Stepping ~*~*~tactically~*~*~ (stealth).
 27550 | Snake:3  | 27550 ||| INVOKING Heroism.
 27699 | Snake:3  | Noticed Agnes
 27700 | Snake:3  | 27700 ||| INVOKING Heroism.
 27701 | Snake:3  | 27701 ||| INVOKING Finesse.
 27710 | Snake:3  | Killed Agnes
 27839 | Snake:3  | 27839 ||| Stepping ~*~*~tactically~*~*~ (stealth).
 27840 | Snake:3  | 27840 ||| Stepping ~*~*~tactically~*~*~ (hiding).
 27935 | Snake:3  | 27935 ||| Stepping ~*~*~tactically~*~*~ (stealth).
 27970 | Snake:3  | 27970 ||| Stepping ~*~*~tactically~*~*~ (stealth).
 27979 | Snake:3  | Reached skill level 18 in Axes
 28103 | Snake:3  | 28103 ||| INVOKING Heroism.
 28105 | Snake:3  | Noticed Vashnia
 28131 | Snake:3  | 28131 ||| Stepping ~*~*~tactically~*~*~ (hiding).
 28132 | Snake:3  | 28132 ||| INVOKING Heroism.
 28144 | Snake:3  | 28144 ||| STAIRDANCE
 28298 | Snake:3  | 28298 ||| INVOKING Heroism.
 28308 | Snake:3  | HP: 27/108 [naga warrior/+0 trident (16)]
 28309 | Snake:3  | 28309 ||| READING 11 scrolls of teleportation.
 28310 | Snake:3  | 28310 ||| DRINKING 4 potions of heal wounds.
 28494 | Snake:3  | Killed Vashnia
 28509 | Snake:3  | 28509 ||| Stepping ~*~*~tactically~*~*~ (stealth).
 28511 | Snake:3  | 28511 ||| Stepping ~*~*~tactically~*~*~ (stealth).
 28521 | Snake:3  | 28521 ||| FLEEEEING.
 28535 | Snake:3  | 28535 ||| FLEEEEING.
 28537 | Snake:3  | 28537 ||| Stepping ~*~*~tactically~*~*~ (stealth).
 28558 | Snake:3  | 28558 ||| Stepping ~*~*~tactically~*~*~ (stealth).
 28631 | Snake:3  | Found Ikiedioc's Vocational Training.
 28634 | Snake:3  | 28634 ||| INVOKING Heroism.
 28686 | Snake:3  | 28686 ||| INVOKING Heroism.
 28689 | Snake:3  | Reached XP level 18. HP: 74/115 MP: 22/25
 28794 | Snake:3  | 28794 ||| DROPPING +0 morningstar.
 28841 | Snake:3  | 28841 ||| Stepping ~*~*~tactically~*~*~ (hiding).
 28844 | Snake:3  | 28844 ||| Stepping ~*~*~tactically~*~*~ (hiding).
 29073 | Snake:3  | Identified the +3 pair of boots "Kacvonn" {rPois rN+ Regen+
                  | Dex+2}
 29152 | Snake:3  | 29152 ||| PLANNING SHOALS:1-3
 29152 | Snake:3  | 29152 ||| UPGRADING to +3 pair of boots "Kacvonn" {rPois
                  | rN+ Regen+ Dex+2}.
 29162 | Snake:3  | 29162 ||| DROPPING +1 pair of boots.
 29320 | Shoals:1 | Entered Level 1 of the Shoals
 29388 | Shoals:1 | Received a gift from Okawaru
 29417 | Shoals:1 | 29417 ||| FLEEEEING.
 29418 | Shoals:1 | 29418 ||| FLEEEEING.
 29419 | Shoals:1 | 29419 ||| INVOKING Heroism.
 29431 | Shoals:1 | 29431 ||| INVOKING Finesse.
 29451 | Shoals:1 | Reached skill level 18 in Shields
 29465 | Shoals:1 | Noticed Louise
 29483 | Shoals:1 | Killed Louise
 29483 | Shoals:1 | Identified the +2 hand axe "Zyicuyhouw" {flame, Fragile rN+
                  | Int+2 Dex+4} (Okawaru gifted it to you on level 1 of the
                  | Shoals)
 29483 | Shoals:1 | Received a gift from Okawaru
 29486 | Shoals:1 | 29486 ||| READING scroll of enchant weapon.
 29486 | Shoals:1 | 29486 ||| ENCHANTING +4 heavy broad axe.
 29500 | Shoals:1 | Found Roisa's Book Boutique.
 30136 | Shoals:2 | 30136 ||| INVOKING Heroism.
 30137 | Shoals:2 | 30137 ||| INVOKING Finesse.
 30188 | Shoals:2 | 30188 ||| INVOKING Heroism.
 30225 | Shoals:2 | 30225 ||| INVOKING Heroism.
 30247 | Shoals:2 | 30247 ||| READING scroll of brand weapon.
 30247 | Shoals:2 | 30247 ||| BRANDING +5 heavy broad axe.
 30688 | Shoals:2 | 30688 ||| Stepping ~*~*~tactically~*~*~ (hiding).
 30689 | Shoals:2 | 30689 ||| Stepping ~*~*~tactically~*~*~ (hiding).
 30691 | Shoals:2 | 30691 ||| Stepping ~*~*~tactically~*~*~ (hiding).
 30692 | Shoals:2 | 30692 ||| Stepping ~*~*~tactically~*~*~ (hiding).
 30693 | Shoals:2 | 30693 ||| INVOKING Heroism.
 30694 | Shoals:2 | 30694 ||| INVOKING Finesse.
 30734 | Shoals:2 | 30734 ||| INVOKING Heroism.
 30803 | Shoals:2 | 30803 ||| INVOKING Heroism.
 30974 | Shoals:3 | Noticed Ilsuiw
 30975 | Shoals:3 | 30975 ||| STAIRDANCE
 30996 | Shoals:2 | 30996 ||| FLEEEEING.
 30997 | Shoals:2 | 30997 ||| FLEEEEING.
 31005 | Shoals:2 | 31005 ||| FLEEEEING.
 31006 | Shoals:2 | 31006 ||| INVOKING Heroism.
 31009 | Shoals:2 | 31009 ||| Stepping ~*~*~tactically~*~*~ (hiding).
 31033 | Shoals:3 | Found a one-way gate to the infinite horrors of the Abyss.
 31033 | Shoals:3 | Found a corrupted altar of Lugonu.
 31042 | Shoals:3 | 31042 ||| INVOKING Heroism.
 31092 | Shoals:3 | 31092 ||| INVOKING Heroism.
 31121 | Shoals:3 | Killed Ilsuiw
 31157 | Shoals:3 | 31157 ||| FLEEEEING.
 31158 | Shoals:3 | 31158 ||| FLEEEEING.
 31162 | Shoals:3 | 31162 ||| FLEEEEING.
 31163 | Shoals:3 | 31163 ||| FLEEEEING.
 31164 | Shoals:3 | 31164 ||| FLEEEEING.
 31165 | Shoals:3 | 31165 ||| STAIRDANCE
 31179 | Shoals:3 | 31179 ||| STAIRDANCE
 31224 | Shoals:3 | 31224 ||| Stepping ~*~*~tactically~*~*~ (stealth).
 31225 | Shoals:3 | 31225 ||| Stepping ~*~*~tactically~*~*~ (stealth).
 31274 | Shoals:3 | Received a gift from Okawaru
 31401 | Shoals:3 | Noticed Polyphemus
 31402 | Shoals:3 | 31402 ||| INVOKING Heroism.
 31424 | Shoals:3 | Killed Polyphemus
 31469 | Shoals:3 | 31469 ||| Stepping ~*~*~tactically~*~*~ (stealth).
 31470 | Shoals:3 | 31470 ||| INVOKING Heroism.
 31484 | Shoals:3 | Found Pirphytu's Weapon Shoppe.
 31733 | Shoals:3 | 31733 ||| Stepping ~*~*~tactically~*~*~ (hiding).
 31799 | Shoals:3 | 31799 ||| PLANNING SNAKE:4
 31987 | Snake:4  | Entered Level 4 of the Snake Pit
 32000 | Snake:4  | Identified the +0 leather armour of Pan-Flutes {rC++ Dex+4
                  | Stlth-}
 32029 | Snake:4  | 32029 ||| Stepping ~*~*~tactically~*~*~ (hiding).
 32059 | Snake:4  | 32059 ||| Stepping ~*~*~tactically~*~*~ (stealth).
 32073 | Snake:4  | 32073 ||| Stepping ~*~*~tactically~*~*~ (stealth).
 32079 | Snake:4  | 32079 ||| Stepping ~*~*~tactically~*~*~ (hiding).
 32090 | Snake:4  | Reached skill level 15 in Fighting
 32103 | Snake:4  | Received a gift from Okawaru
 32111 | Snake:4  | Found Rimus's Antique Armour Emporium.
 32115 | Snake:4  | Found Hoiduph's Jewellery Shoppe.
 32116 | Snake:4  | Found Jeiwoil's Weapon Emporium.
 32119 | Snake:4  | 32119 ||| SHOPLISTING +2 shield of Resistance {rF++ rC++
                  | Will++} (3313 gold, have 482).
 32121 | Snake:4  | 32121 ||| SHOPLISTING +5 ring of evasion (504 gold, have
                  | 482).
 32121 | Snake:4  | 32121 ||| BUYING ring "Ryubafidd" {Fire rElec rPois Int-5
                  | Dex-3} (369 gold).
 32121 | Snake:4  | Bought the ring "Ryubafidd" {Fire rElec rPois Int-5 Dex-3}
                  | for 369 gold pieces
 32121 | Snake:4  | 32121 ||| SHOPLISTING ring of ice (350 gold, have 113).
 32137 | Snake:4  | 32137 ||| Stepping ~*~*~tactically~*~*~ (hiding).
 32138 | Snake:4  | 32138 ||| Stepping ~*~*~tactically~*~*~ (hiding).
 32139 | Snake:4  | 32139 ||| Stepping ~*~*~tactically~*~*~ (hiding).
 32152 | Snake:4  | 32152 ||| INVOKING Heroism.
 32158 | Snake:4  | 32158 ||| Stepping ~*~*~tactically~*~*~ (stealth).
 32164 | Snake:4  | 32164 ||| Stepping ~*~*~tactically~*~*~ (stealth).
 32210 | Snake:4  | Found a gateway to a bazaar.
 32211 | Snake:4  | 32211 ||| PLANNING BAZAAR
 32217 | Bazaar   | Entered a bazaar
 32238 | Bazaar   | Found Nede Avvagho's General Store.
 32243 | Bazaar   | 32243 ||| BUYING potion of attraction (27 gold).
 32243 | Bazaar   | Bought a potion of attraction for 27 gold pieces
 32254 | Bazaar   | Found Onlohos's Armour Emporium.
 32254 | Bazaar   | Found Ukhlin's Antique Weapon Shoppe.
 32276 | Bazaar   | Found Ishitt's Book Emporium.
 32276 | Bazaar   | Found Lupidghuuto's Antique Weapon Shoppe.
 32298 | Bazaar   | Found Xoeb's Antique Armour Emporium.
 32298 | Bazaar   | Found Omuraenu's Antique Weapon Shoppe.
 32328 | Snake:4  | 32328 ||| PLANNING SNAKE:4
 32427 | Snake:4  | 32427 ||| INVOKING Heroism.
 32460 | Snake:4  | 32460 ||| INVOKING Heroism.
 32474 | Snake:4  | Received a gift from Okawaru
 32510 | Snake:4  | 32510 ||| INVOKING Heroism.
 32605 | Snake:4  | 32605 ||| Stepping ~*~*~tactically~*~*~ (hiding).
 32606 | Snake:4  | 32606 ||| Stepping ~*~*~tactically~*~*~ (hiding).
 32608 | Snake:4  | 32608 ||| Stepping ~*~*~tactically~*~*~ (hiding).
 32609 | Snake:4  | 32609 ||| INVOKING Heroism.
 32687 | Snake:4  | 32687 ||| Stepping ~*~*~tactically~*~*~ (stealth).
 32689 | Snake:4  | 32689 ||| Stepping ~*~*~tactically~*~*~ (stealth).
 32691 | Snake:4  | 32691 ||| Stepping ~*~*~tactically~*~*~ (hiding).
 32693 | Snake:4  | 32693 ||| Stepping ~*~*~tactically~*~*~ (hiding).
 32799 | Snake:4  | 32799 ||| Stepping ~*~*~tactically~*~*~ (stealth).
 32835 | Snake:4  | 32835 ||| INVOKING Heroism.
 32844 | Snake:4  | Received a gift from Okawaru
 32862 | Snake:4  | 32862 ||| Stepping ~*~*~tactically~*~*~ (hiding).
 32863 | Snake:4  | 32863 ||| Stepping ~*~*~tactically~*~*~ (hiding).
 32872 | Snake:4  | 32872 ||| INVOKING Heroism.
 32910 | Snake:4  | 32910 ||| INVOKING Heroism.
 32954 | Snake:4  | 32954 ||| Stepping ~*~*~tactically~*~*~ (stealth).
 32955 | Snake:4  | 32955 ||| INVOKING Heroism.
 32964 | Snake:4  | Reached XP level 19. HP: 111/124 MP: 24/26
 32995 | Snake:4  | Got a serpentine rune of Zot
 33240 | Snake:4  | Noticed qw's ghost (adept MiHu)
 33243 | Snake:4  | Found a runed translucent door.
 33348 | Snake:4  | 33348 ||| INVOKING Heroism.
 33359 | Snake:4  | Reached skill level 9 in Throwing
 33374 | Snake:4  | 33374 ||| PLANNING VAULTS:1-4
 33698 | Vaults:1 | Entered Level 1 of the Vaults
 33720 | Vaults:1 | 33720 ||| Stepping ~*~*~tactically~*~*~ (hiding).
 33749 | Vaults:1 | 33749 ||| Stepping ~*~*~tactically~*~*~ (hiding).
 33750 | Vaults:1 | 33750 ||| Stepping ~*~*~tactically~*~*~ (hiding).
 33751 | Vaults:1 | 33751 ||| Stepping ~*~*~tactically~*~*~ (hiding).
 33756 | Vaults:1 | 33756 ||| INVOKING Heroism.
 33840 | Vaults:1 | 33840 ||| INVOKING Heroism.
 33997 | Vaults:1 | 33997 ||| Stepping ~*~*~tactically~*~*~ (stealth).
 34001 | Vaults:1 | 34001 ||| Stepping ~*~*~tactically~*~*~ (stealth).
 34002 | Vaults:1 | 34002 ||| Stepping ~*~*~tactically~*~*~ (stealth).
 34301 | Vaults:1 | 34301 ||| FLEEEEING.
 34307 | Vaults:1 | Received a gift from Okawaru
 34438 | Vaults:1 | 34438 ||| INVOKING Heroism.
 34471 | Vaults:1 | Found Osiroimu's Assorted Antiques.
 34477 | Vaults:1 | 34477 ||| BUYING potion of curing (75 gold).
 34477 | Vaults:1 | Bought a potion of curing for 75 gold pieces
 34601 | Vaults:1 | 34601 ||| FLEEEEING.
 34602 | Vaults:1 | 34602 ||| FLEEEEING.
 34603 | Vaults:1 | 34603 ||| FLEEEEING.
 34604 | Vaults:1 | 34604 ||| FLEEEEING.
 34605 | Vaults:1 | 34605 ||| FLEEEEING.
 34606 | Vaults:1 | 34606 ||| FLEEEEING.
 34607 | Vaults:1 | 34607 ||| FLEEEEING.
 34608 | Vaults:1 | 34608 ||| FLEEEEING.
 34609 | Vaults:1 | 34609 ||| FLEEEEING.
 34610 | Vaults:1 | 34610 ||| FLEEEEING.
 34611 | Vaults:1 | 34611 ||| FLEEEEING.
 34612 | Vaults:1 | 34612 ||| FLEEEEING.
 34617 | Vaults:1 | 34617 ||| FLEEEEING.
 34618 | Vaults:1 | 34618 ||| FLEEEEING.
 34619 | Vaults:1 | 34619 ||| FLEEEEING.
 34620 | Vaults:1 | 34620 ||| FLEEEEING.
 34621 | Vaults:1 | 34621 ||| FLEEEEING.
 34622 | Vaults:1 | 34622 ||| FLEEEEING.
 34623 | Vaults:1 | 34623 ||| FLEEEEING.
 34624 | Vaults:1 | 34624 ||| FLEEEEING.
 34625 | Vaults:1 | 34625 ||| FLEEEEING.
 34626 | Vaults:1 | 34626 ||| FLEEEEING.
 34630 | Vaults:1 | 34630 ||| FLEEEEING.
 34631 | Vaults:1 | 34631 ||| FLEEEEING.
 34632 | Vaults:1 | 34632 ||| FLEEEEING.
 34633 | Vaults:1 | 34633 ||| FLEEEEING.
 34634 | Vaults:1 | 34634 ||| FLEEEEING.
 34635 | Vaults:1 | 34635 ||| FLEEEEING.
 34636 | Vaults:1 | 34636 ||| FLEEEEING.
 34637 | Vaults:1 | 34637 ||| FLEEEEING.
 34638 | Vaults:1 | 34638 ||| FLEEEEING.
 34639 | Vaults:1 | 34639 ||| FLEEEEING.
 34640 | Vaults:1 | 34640 ||| FLEEEEING.
 34641 | Vaults:1 | 34641 ||| FLEEEEING.
 34642 | Vaults:1 | 34642 ||| FLEEEEING.
 34643 | Vaults:1 | 34643 ||| FLEEEEING.
 34644 | Vaults:1 | 34644 ||| FLEEEEING.
 34645 | Vaults:1 | 34645 ||| FLEEEEING.
 34646 | Vaults:1 | 34646 ||| FLEEEEING.
 34647 | Vaults:1 | 34647 ||| FLEEEEING.
 34654 | Vaults:1 | 34654 ||| STAIRDANCE
 34759 | Vaults:1 | 34759 ||| STAIRDANCE
 35147 | Vaults:1 | 35147 ||| INVOKING Heroism.
 35244 | Vaults:1 | 35244 ||| INVOKING Heroism.
 35442 | Vaults:2 | 35442 ||| Stepping ~*~*~tactically~*~*~ (hiding).
 35446 | Vaults:2 | 35446 ||| INVOKING Heroism.
 35450 | Vaults:2 | 35450 ||| Stepping ~*~*~tactically~*~*~ (hiding).
 35463 | Vaults:2 | 35463 ||| Stepping ~*~*~tactically~*~*~ (hiding).
 35549 | Vaults:2 | 35549 ||| Stepping ~*~*~tactically~*~*~ (stealth).
 35626 | Vaults:2 | 35626 ||| READING scroll of enchant weapon.
 35626 | Vaults:2 | 35626 ||| ENCHANTING +5 broad axe of flaming.
 35651 | Vaults:2 | 35651 ||| INVOKING Heroism.
 35691 | Vaults:2 | Received a gift from Okawaru
 35694 | Vaults:2 | 35694 ||| INVOKING Heroism.
 35836 | Vaults:2 | 35836 ||| FLEEEEING.
 35837 | Vaults:2 | 35837 ||| FLEEEEING.
 35840 | Vaults:2 | 35840 ||| FLEEEEING.
 35855 | Vaults:2 | 35855 ||| INVOKING Heroism.
 35858 | Vaults:2 | 35858 ||| Stepping ~*~*~tactically~*~*~ (hiding).
 35859 | Vaults:2 | 35859 ||| Stepping ~*~*~tactically~*~*~ (hiding).
 35964 | Vaults:2 | 35964 ||| INVOKING Heroism.
 35965 | Vaults:2 | 35965 ||| INVOKING Finesse.
 36087 | Vaults:2 | 36087 ||| Stepping ~*~*~tactically~*~*~ (hiding).
 36088 | Vaults:2 | 36088 ||| Stepping ~*~*~tactically~*~*~ (hiding).
 36104 | Vaults:2 | Reached skill level 15 in Armour
 36109 | Vaults:2 | 36109 ||| INVOKING Heroism.
 36117 | Vaults:2 | Received a gift from Okawaru
 36118 | Vaults:2 | 36118 ||| INVOKING Finesse.
 36625 | Vaults:2 | Found a large runed translucent door.
 36625 | Vaults:2 | Found a large runed translucent door.
 36626 | Vaults:2 | Noticed Vatovie's ghost (veteran MiFi)
 36643 | Vaults:2 | Received a gift from Okawaru
 36855 | Vaults:2 | 36855 ||| Stepping ~*~*~tactically~*~*~ (stealth).
 36856 | Vaults:2 | 36856 ||| Stepping ~*~*~tactically~*~*~ (stealth).
 36918 | Vaults:2 | 36918 ||| Stepping ~*~*~tactically~*~*~ (stealth).
 36945 | Vaults:2 | Found a transporter.
 36949 | Vaults:2 | Found Aposhrus's General Store.
 36973 | Vaults:2 | Found a transporter.
 37163 | Vaults:3 | Found the amulet of the Four Winds {rN+ Will+++ Clar}
 37164 | Vaults:3 | Found a runed translucent door.
 37171 | Vaults:3 | Received a gift from Okawaru
 37172 | Vaults:3 | Reached XP level 20. HP: 123/134 MP: 27/27
 37216 | Vaults:3 | Noticed Zenata
 37217 | Vaults:3 | 37217 ||| Stepping ~*~*~tactically~*~*~ (hiding).
 37220 | Vaults:3 | 37220 ||| INVOKING Heroism.
 37221 | Vaults:3 | 37221 ||| INVOKING Finesse.
 37239 | Vaults:3 | Killed Zenata
 37269 | Vaults:3 | 37269 ||| Stepping ~*~*~tactically~*~*~ (hiding).
 37382 | Vaults:3 | 37382 ||| Stepping ~*~*~tactically~*~*~ (hiding).
 37393 | Vaults:3 | 37393 ||| INVOKING Heroism.
 37434 | Vaults:3 | Found a staircase to the Crypt.
 37508 | Vaults:3 | 37508 ||| FLEEEEING.
 37514 | Vaults:3 | 37514 ||| INVOKING Heroism.
 37669 | Vaults:3 | 37669 ||| Stepping ~*~*~tactically~*~*~ (hiding).
 37781 | Vaults:3 | 37781 ||| Stepping ~*~*~tactically~*~*~ (hiding).
 37782 | Vaults:3 | 37782 ||| Stepping ~*~*~tactically~*~*~ (hiding).
 37783 | Vaults:3 | 37783 ||| Stepping ~*~*~tactically~*~*~ (hiding).
 37892 | Vaults:3 | 37892 ||| Stepping ~*~*~tactically~*~*~ (hiding).
 38126 | Vaults:3 | Noticed Mara
 38127 | Vaults:3 | 38127 ||| INVOKING Heroism.
 38128 | Vaults:3 | 38128 ||| INVOKING Finesse.
 38130 | Vaults:3 | Noticed qw's illusion
 38164 | Vaults:3 | Killed Mara
 38508 | Vaults:3 | 38508 ||| FLEEEEING.
 38509 | Vaults:3 | 38509 ||| FLEEEEING.
 38510 | Vaults:3 | 38510 ||| FLEEEEING.
 38511 | Vaults:3 | 38511 ||| FLEEEEING.
 38512 | Vaults:3 | 38512 ||| FLEEEEING.
 38514 | Vaults:3 | 38514 ||| FLEEEEING.
 38517 | Vaults:3 | 38517 ||| FLEEEEING.
 38518 | Vaults:3 | 38518 ||| FLEEEEING.
 38519 | Vaults:3 | 38519 ||| FLEEEEING.
 38526 | Vaults:3 | Received a gift from Okawaru
 38826 | Vaults:4 | 38826 ||| Stepping ~*~*~tactically~*~*~ (hiding).
 38832 | Vaults:4 | 38832 ||| Stepping ~*~*~tactically~*~*~ (hiding).
 38965 | Vaults:4 | 38965 ||| Stepping ~*~*~tactically~*~*~ (hiding).
 38973 | Vaults:4 | 38973 ||| Stepping ~*~*~tactically~*~*~ (hiding).
 38974 | Vaults:4 | 38974 ||| Stepping ~*~*~tactically~*~*~ (hiding).
 38975 | Vaults:4 | 38975 ||| Stepping ~*~*~tactically~*~*~ (hiding).
 38976 | Vaults:4 | 38976 ||| Stepping ~*~*~tactically~*~*~ (hiding).
 38980 | Vaults:4 | 38980 ||| Stepping ~*~*~tactically~*~*~ (hiding).
 38982 | Vaults:4 | 38982 ||| Stepping ~*~*~tactically~*~*~ (hiding).
 38984 | Vaults:4 | 38984 ||| Stepping ~*~*~tactically~*~*~ (hiding).
 38985 | Vaults:4 | 38985 ||| Stepping ~*~*~tactically~*~*~ (hiding).
 38986 | Vaults:4 | 38986 ||| Stepping ~*~*~tactically~*~*~ (hiding).
 38987 | Vaults:4 | 38987 ||| Stepping ~*~*~tactically~*~*~ (hiding).
 38988 | Vaults:4 | 38988 ||| Stepping ~*~*~tactically~*~*~ (hiding).
 38989 | Vaults:4 | 38989 ||| Stepping ~*~*~tactically~*~*~ (hiding).
 38991 | Vaults:4 | 38991 ||| Stepping ~*~*~tactically~*~*~ (hiding).
 38996 | Vaults:4 | 38996 ||| Stepping ~*~*~tactically~*~*~ (hiding).
 38997 | Vaults:4 | 38997 ||| Stepping ~*~*~tactically~*~*~ (hiding).
 38999 | Vaults:4 | 38999 ||| Stepping ~*~*~tactically~*~*~ (hiding).
 39000 | Vaults:4 | 39000 ||| Stepping ~*~*~tactically~*~*~ (hiding).
 39001 | Vaults:4 | 39001 ||| Stepping ~*~*~tactically~*~*~ (hiding).
 39002 | Vaults:4 | 39002 ||| Stepping ~*~*~tactically~*~*~ (hiding).
 39003 | Vaults:4 | 39003 ||| Stepping ~*~*~tactically~*~*~ (hiding).
 39007 | Vaults:4 | 39007 ||| Stepping ~*~*~tactically~*~*~ (hiding).
 39220 | Vaults:4 | Identified the +8 hand axe of Januc {flame, Str+4 Int-4}
                  | (Okawaru gifted it to you on level 4 of the Vaults)
 39220 | Vaults:4 | Received a gift from Okawaru
 39330 | Vaults:4 | 39330 ||| Stepping ~*~*~tactically~*~*~ (hiding).
 39357 | Vaults:4 | Identified the +0 robe "Teuduo" {MP+9 Int+3 Dex-4}
 39430 | Vaults:4 | Noticed Xtahua
 39431 | Vaults:4 | 39431 ||| Stepping ~*~*~tactically~*~*~ (hiding).
 39437 | Vaults:4 | 39437 ||| DRINKING 4 potions of resistance.
 39443 | Vaults:4 | Paralysed by Xtahua for 4 turns
 39458 | Vaults:4 | Killed Xtahua
 39495 | Vaults:4 | 39495 ||| READING scroll of enchant armour.
 39495 | Vaults:4 | 39495 ||| ENCHANTING +6 plate armour of fire resistance.
 39530 | Vaults:4 | 39530 ||| Stepping ~*~*~tactically~*~*~ (stealth).
 39534 | Vaults:4 | 39534 ||| Stepping ~*~*~tactically~*~*~ (stealth).
 39549 | Vaults:4 | 39549 ||| FLEEEEING.
 39550 | Vaults:4 | 39550 ||| FLEEEEING.
 39551 | Vaults:4 | 39551 ||| FLEEEEING.
 39607 | Vaults:4 | 39607 ||| Stepping ~*~*~tactically~*~*~ (hiding).
 39608 | Vaults:4 | 39608 ||| Stepping ~*~*~tactically~*~*~ (hiding).
 39609 | Vaults:4 | 39609 ||| Stepping ~*~*~tactically~*~*~ (hiding).
 39623 | Vaults:4 | Reached skill level 18 in Fighting
 39623 | Vaults:4 | 39623 ||| Stepping ~*~*~tactically~*~*~ (hiding).
 39624 | Vaults:4 | 39624 ||| Stepping ~*~*~tactically~*~*~ (hiding).
 39709 | Vaults:4 | 39709 ||| FLEEEEING.
 39710 | Vaults:4 | 39710 ||| FLEEEEING.
 39711 | Vaults:4 | 39711 ||| FLEEEEING.
 39712 | Vaults:4 | 39712 ||| FLEEEEING.
 39713 | Vaults:4 | 39713 ||| FLEEEEING.
 39714 | Vaults:4 | 39714 ||| FLEEEEING.
 39715 | Vaults:4 | 39715 ||| FLEEEEING.
 39716 | Vaults:4 | 39716 ||| FLEEEEING.
 39717 | Vaults:4 | 39717 ||| FLEEEEING.
 39718 | Vaults:4 | 39718 ||| FLEEEEING.
 39719 | Vaults:4 | 39719 ||| FLEEEEING.
 39720 | Vaults:4 | 39720 ||| FLEEEEING.
 39727 | Vaults:4 | 39727 ||| FLEEEEING.
 39728 | Vaults:4 | 39728 ||| FLEEEEING.
 39747 | Vaults:4 | 39747 ||| Stepping ~*~*~tactically~*~*~ (hiding).
 39748 | Vaults:4 | 39748 ||| Stepping ~*~*~tactically~*~*~ (hiding).
 39756 | Vaults:4 | 39756 ||| Stepping ~*~*~tactically~*~*~ (hiding).
 39757 | Vaults:4 | 39757 ||| Stepping ~*~*~tactically~*~*~ (hiding).
 40234 | Vaults:4 | 40234 ||| Stepping ~*~*~tactically~*~*~ (hiding).
 40267 | Vaults:4 | Reached skill level 6 in Dodging
 40588 | Vaults:4 | 40588 ||| Stepping ~*~*~tactically~*~*~ (hiding).
 40590 | Vaults:4 | 40590 ||| Stepping ~*~*~tactically~*~*~ (hiding).
 40757 | Vaults:4 | 40757 ||| PLANNING SHOALS:4
 41168 | Shoals:4 | Entered Level 4 of the Shoals
 41173 | Shoals:4 | 41173 ||| Stepping ~*~*~tactically~*~*~ (hiding).
 41217 | Shoals:4 | Paralysed by an air elemental for 1 turns
 41280 | Shoals:4 | 41280 ||| INVOKING Heroism.
 41282 | Shoals:4 | Received a gift from Okawaru
 41307 | Shoals:4 | Reached ****** piety under Okawaru
 41406 | Shoals:4 | 41406 ||| INVOKING Heroism.
 41420 | Shoals:4 | Identified the ring of Cogotz {rF+ rC+ Str+3 Dex+4}
 41424 | Shoals:4 | 41424 ||| Stepping ~*~*~tactically~*~*~ (stealth).
 41425 | Shoals:4 | 41425 ||| Stepping ~*~*~tactically~*~*~ (stealth).
 41427 | Shoals:4 | 41427 ||| Stepping ~*~*~tactically~*~*~ (stealth).
 41439 | Shoals:4 | Identified the +3 plate armour of the Smoking Gods {Str+3
                  | Slay+2}
 41442 | Shoals:4 | Got a barnacled rune of Zot
 41446 | Shoals:4 | 41446 ||| DROPPING +2 heavy broad axe.
 41542 | Shoals:4 | 41542 ||| Stepping ~*~*~tactically~*~*~ (hiding).
 41552 | Shoals:4 | Received a gift from Okawaru
 41566 | Shoals:4 | 41566 ||| INVOKING Heroism.
 41567 | Shoals:4 | 41567 ||| INVOKING Finesse.
 41642 | Shoals:4 | Found a shimmering altar of Xom.
 41710 | Shoals:4 | 41710 ||| Stepping ~*~*~tactically~*~*~ (hiding).
 41740 | Shoals:4 | Received a gift from Okawaru
 41746 | Shoals:4 | Reached XP level 21. HP: 139/141 MP: 28/28
 41751 | Shoals:4 | 41751 ||| INVOKING Heroism.
 41752 | Shoals:4 | 41752 ||| INVOKING Finesse.
 41805 | Shoals:4 | 41805 ||| Stepping ~*~*~tactically~*~*~ (hiding).
 41806 | Shoals:4 | 41806 ||| Stepping ~*~*~tactically~*~*~ (hiding).
 41825 | Shoals:4 | Identified the +6 hand axe of Cocytus {flame, rElec rN+
                  | Will-} (Okawaru gifted it to you on level 4 of the Shoals)
 41825 | Shoals:4 | Received a gift from Okawaru
 41866 | Shoals:4 | 41866 ||| INVOKING Heroism.
 41867 | Shoals:4 | 41867 ||| INVOKING Finesse.
 41929 | Shoals:4 | 41929 ||| Stepping ~*~*~tactically~*~*~ (hiding).
 42045 | Shoals:4 | 42045 ||| Stepping ~*~*~tactically~*~*~ (hiding).
 42046 | Shoals:4 | 42046 ||| Stepping ~*~*~tactically~*~*~ (hiding).
 42076 | Shoals:4 | 42076 ||| Stepping ~*~*~tactically~*~*~ (stealth).
 42089 | Shoals:4 | 42089 ||| INVOKING Heroism.
 42090 | Shoals:4 | 42090 ||| INVOKING Finesse.
 42319 | Shoals:4 | 42319 ||| PLANNING DEPTHS
 42319 | Shoals:4 | 42319 ||| DROPPING ring "Ryubafidd" {Fire rElec rPois Int-5
                  | Dex-3}.
 42320 | Shoals:4 | 42320 ||| DROPPING ring of positive energy.
 42321 | Shoals:4 | 42321 ||| UPGRADING to ring of Cogotz {rF+ rC+ Str+3
                  | Dex+4}.
 42323 | Shoals:4 | 42323 ||| DROPPING ring of see invisible.
 42577 | Depths:1 | Entered Level 1 of the Depths
 42584 | Depths:1 | 42584 ||| Stepping ~*~*~tactically~*~*~ (hiding).
 42585 | Depths:1 | 42585 ||| Stepping ~*~*~tactically~*~*~ (hiding).
 42613 | Depths:1 | 42613 ||| INVOKING Heroism.
 42630 | Depths:1 | 42630 ||| Stepping ~*~*~tactically~*~*~ (stealth).
 42631 | Depths:1 | 42631 ||| Stepping ~*~*~tactically~*~*~ (stealth).
 42633 | Depths:1 | 42633 ||| Stepping ~*~*~tactically~*~*~ (stealth).
 42634 | Depths:1 | 42634 ||| Stepping ~*~*~tactically~*~*~ (hiding).
 42639 | Depths:1 | 42639 ||| Stepping ~*~*~tactically~*~*~ (stealth).
 42640 | Depths:1 | Received a gift from Okawaru
 42643 | Depths:1 | 42643 ||| Stepping ~*~*~tactically~*~*~ (stealth).
 42685 | Depths:1 | 42685 ||| Stepping ~*~*~tactically~*~*~ (stealth).
 42730 | Depths:1 | Found an ancient bone altar of Kikubaaqudgha.
 42737 | Depths:1 | 42737 ||| Stepping ~*~*~tactically~*~*~ (hiding).
 42738 | Depths:1 | 42738 ||| Stepping ~*~*~tactically~*~*~ (hiding).
 42808 | Depths:1 | 42808 ||| Stepping ~*~*~tactically~*~*~ (hiding).
 42843 | Depths:1 | 42843 ||| Stepping ~*~*~tactically~*~*~ (stealth).
 42844 | Depths:1 | 42844 ||| Stepping ~*~*~tactically~*~*~ (stealth).
 42848 | Depths:1 | 42848 ||| Stepping ~*~*~tactically~*~*~ (stealth).
 42849 | Depths:1 | 42849 ||| INVOKING Finesse.
 42858 | Depths:1 | 42858 ||| INVOKING Heroism.
 42932 | Depths:1 | Found a gateway to Hell.
 42951 | Depths:1 | Received a gift from Okawaru
 43138 | Depths:1 | Found a radiant altar of Vehumet.
 43320 | Depths:2 | 43320 ||| Stepping ~*~*~tactically~*~*~ (hiding).
 43331 | Depths:2 | 43331 ||| Stepping ~*~*~tactically~*~*~ (hiding).
 43332 | Depths:2 | 43332 ||| Stepping ~*~*~tactically~*~*~ (hiding).
 43334 | Depths:2 | 43334 ||| Stepping ~*~*~tactically~*~*~ (hiding).
 43436 | Depths:2 | 43436 ||| INVOKING Heroism.
 43488 | Depths:2 | Found a runed translucent door.
 43489 | Depths:2 | Found a shimmering altar of Xom.
 43489 | Depths:2 | Noticed qw's ghost (veteran GrFi)
 43489 | Depths:2 | Identified the +0 great sword "qw's Peril" {chaos, Contam
                  | rF++}
 43509 | Depths:2 | Found a one-way gateway to a ziggurat.
 43536 | Depths:2 | 43536 ||| INVOKING Heroism.
 43555 | Depths:2 | Received a gift from Okawaru
 43562 | Depths:2 | 43562 ||| READING scroll of enchant weapon.
 43562 | Depths:2 | 43562 ||| ENCHANTING +6 broad axe of flaming.
 43565 | Depths:2 | 43565 ||| Stepping ~*~*~tactically~*~*~ (stealth).
 43665 | Depths:2 | 43665 ||| Stepping ~*~*~tactically~*~*~ (hiding).
 43822 | Depths:2 | 43822 ||| Stepping ~*~*~tactically~*~*~ (hiding).
 43855 | Depths:2 | 43855 ||| INVOKING Heroism.
 43859 | Depths:2 | 43859 ||| INVOKING Finesse.
 43865 | Depths:2 | 43865 ||| Stepping ~*~*~tactically~*~*~ (hiding).
 43867 | Depths:2 | 43867 ||| Stepping ~*~*~tactically~*~*~ (stealth).
 43888 | Depths:2 | Received a gift from Okawaru
 43925 | Depths:2 | 43925 ||| INVOKING Heroism.
 43926 | Depths:2 | 43926 ||| INVOKING Finesse.
 44287 | Depths:2 | Gained mutation: Armour fits poorly on your strangely
                  | shaped body. [a neqoxec]
 44288 | Depths:2 | Gained mutation: You sometimes lose your temper in combat.
                  | [a neqoxec]
 44290 | Depths:2 | 44290 ||| DRINKING 9 potions of mutation.
 44290 | Depths:2 | Lost mutation: You sometimes lose your temper in combat.
                  | [potion of mutation]
 44290 | Depths:2 | Lost mutation: Armour fits poorly on your strangely shaped
                  | body. [potion of mutation]
 44290 | Depths:2 | Gained mutation: You passively map a small area around you.
                  | [potion of mutation]
 44290 | Depths:2 | Gained mutation: You are weak. (Str -2) [potion of
                  | mutation]
 44290 | Depths:2 | Gained mutation: You are strong-willed. (Will+) [potion of
                  | mutation]
 44420 | Depths:2 | Found a one-way gate leading to the halls of Pandemonium.
 44505 | Depths:3 | 44505 ||| INVOKING Heroism.
 44513 | Depths:3 | Received a gift from Okawaru
 44563 | Depths:3 | 44563 ||| INVOKING Heroism.
 44571 | Depths:3 | 44571 ||| INVOKING Finesse.
 44574 | Depths:3 | Received a gift from Okawaru
 44587 | Depths:3 | 44587 ||| Stepping ~*~*~tactically~*~*~ (hiding).
 44588 | Depths:3 | 44588 ||| Stepping ~*~*~tactically~*~*~ (hiding).
 44650 | Depths:3 | 44650 ||| Stepping ~*~*~tactically~*~*~ (hiding).
 44661 | Depths:3 | 44661 ||| INVOKING Heroism.
 44663 | Depths:3 | Reached skill level 18 in Armour
 44663 | Depths:3 | 44663 ||| Stepping ~*~*~tactically~*~*~ (hiding).
 44683 | Depths:3 | 44683 ||| Stepping ~*~*~tactically~*~*~ (stealth).
 44684 | Depths:3 | 44684 ||| Stepping ~*~*~tactically~*~*~ (stealth).
 44685 | Depths:3 | 44685 ||| Stepping ~*~*~tactically~*~*~ (stealth).
 44694 | Depths:3 | 44694 ||| Stepping ~*~*~tactically~*~*~ (stealth).
 44695 | Depths:3 | 44695 ||| Stepping ~*~*~tactically~*~*~ (stealth).
 44710 | Depths:3 | 44710 ||| Stepping ~*~*~tactically~*~*~ (stealth).
 44716 | Depths:3 | 44716 ||| Stepping ~*~*~tactically~*~*~ (hiding).
 44733 | Depths:3 | 44733 ||| Stepping ~*~*~tactically~*~*~ (hiding).
 44738 | Depths:3 | 44738 ||| INVOKING Heroism.
 44753 | Depths:3 | 44753 ||| Stepping ~*~*~tactically~*~*~ (stealth).
 44762 | Depths:3 | 44762 ||| Stepping ~*~*~tactically~*~*~ (stealth).
 44766 | Depths:3 | Found a broken altar of Ashenzari.
 44774 | Depths:3 | HP: 36/144 [living spell/divine providence[a walking divine
                  | tome] (12)]
 44775 | Depths:3 | 44775 ||| READING 11 scrolls of teleportation.
 44776 | Depths:3 | 44776 ||| DRINKING 6 potions of heal wounds.
 44777 | Depths:3 | 44777 ||| DRINKING 5 potions of heal wounds.
 44778 | Depths:3 | Noticed a caustic shrike
 44779 | Depths:3 | Received a gift from Okawaru
 44779 | Depths:3 | HP: 30/144 [frost giant/bolt of cold (9)]
 44780 | Depths:3 | 44780 ||| DRINKING 4 potions of heal wounds.
 44781 | Depths:3 | 44781 ||| Stepping ~*~*~tactically~*~*~ (hiding).
 44787 | Depths:3 | Reached XP level 22. HP: 43/149 MP: 29/29
 44792 | Depths:3 | 44792 ||| FLEEEEING.
 44793 | Depths:3 | 44793 ||| Stepping ~*~*~tactically~*~*~ (hiding).
 44794 | Depths:3 | 44794 ||| Stepping ~*~*~tactically~*~*~ (hiding).
 44799 | Depths:3 | HP: 37/149 [fire giant/fireball (10)]
 44800 | Depths:3 | 44800 ||| READING 10 scrolls of teleportation.
 44801 | Depths:3 | 44801 ||| DRINKING 3 potions of heal wounds.
 44804 | Depths:3 | 44804 ||| INVOKING Heroism.
 44814 | Depths:3 | HP: 33/149 [acid (9)]
 44815 | Depths:3 | 44815 ||| READING 9 scrolls of teleportation.
 44816 | Depths:3 | 44816 ||| DRINKING 2 potions of heal wounds.
 44834 | Depths:3 | Reached skill level 9 in Dodging
 44934 | Depths:3 | 44934 ||| Stepping ~*~*~tactically~*~*~ (stealth).
 44936 | Depths:3 | 44936 ||| Stepping ~*~*~tactically~*~*~ (hiding).
 44952 | Depths:3 | 44952 ||| INVOKING Heroism.
 45016 | Depths:3 | 45016 ||| Stepping ~*~*~tactically~*~*~ (hiding).
 45027 | Depths:3 | Received a gift from Okawaru
 45036 | Depths:3 | 45036 ||| Stepping ~*~*~tactically~*~*~ (hiding).
 45037 | Depths:3 | 45037 ||| Stepping ~*~*~tactically~*~*~ (hiding).
 45047 | Depths:3 | 45047 ||| INVOKING Heroism.
 45048 | Depths:3 | 45048 ||| INVOKING Finesse.
 45056 | Depths:3 | 45056 ||| Stepping ~*~*~tactically~*~*~ (hiding).
 45065 | Depths:3 | 45065 ||| Stepping ~*~*~tactically~*~*~ (hiding).
 45100 | Depths:3 | 45100 ||| INVOKING Heroism.
 45122 | Depths:3 | 45122 ||| Stepping ~*~*~tactically~*~*~ (hiding).
 45134 | Depths:3 | Killed a caustic shrike
 45134 | Depths:3 | Received a gift from Okawaru
 45227 | Depths:3 | 45227 ||| Stepping ~*~*~tactically~*~*~ (stealth).
 45233 | Depths:3 | 45233 ||| Stepping ~*~*~tactically~*~*~ (stealth).
 45239 | Depths:3 | 45239 ||| Stepping ~*~*~tactically~*~*~ (stealth).
 45243 | Depths:3 | Identified the +6 morningstar of the Twisting Dove {vamp,
                  | Str+2}
 45247 | Depths:3 | 45247 ||| Stepping ~*~*~tactically~*~*~ (stealth).
 45311 | Depths:3 | 45311 ||| Stepping ~*~*~tactically~*~*~ (stealth).
 45322 | Depths:3 | 45322 ||| Stepping ~*~*~tactically~*~*~ (hiding).
 45412 | Depths:3 | Found a runed translucent gate.
 45413 | Depths:3 | Found a runed translucent gate.
 45414 | Depths:3 | Found a runed translucent gate.
 45415 | Depths:3 | Found an opulent altar of Gozag.
 45417 | Depths:3 | Noticed a golden dragon
 45417 | Depths:3 | Noticed qw's ghost (veteran GrFi)
 45439 | Depths:3 | 45439 ||| Stepping ~*~*~tactically~*~*~ (hiding).
 45440 | Depths:3 | 45440 ||| INVOKING Heroism.
 45441 | Depths:3 | 45441 ||| INVOKING Finesse.
 45446 | Depths:3 | Received a gift from Okawaru
 45569 | Depths:3 | 45569 ||| FLEEEEING.
 45569 | Depths:3 | Identified the +7 whip "Jellyslayer" {flame, SInv}
 45594 | Depths:3 | 45594 ||| INVOKING Heroism.
 45663 | Depths:3 | 45663 ||| INVOKING Heroism.
 45688 | Depths:3 | Found Vodaydin's Jewellery Shoppe.
 45697 | Depths:3 | 45697 ||| BUYING +6 ring of strength (612 gold).
 45697 | Depths:3 | Bought a +6 ring of strength for 612 gold pieces
 45697 | Depths:3 | 45697 ||| BUYING ring "Wom Keto" {rElec Will- rCorr Int+3
                  | Dex+6} (980 gold).
 45697 | Depths:3 | Bought the ring "Wom Keto" {rElec Will- rCorr Int+3 Dex+6}
                  | for 980 gold pieces
 45697 | Depths:3 | 45697 ||| SHOPLISTING ring of protection from cold (425
                  | gold, have 47).
 45831 | Depths:3 | 45831 ||| Stepping ~*~*~tactically~*~*~ (stealth).
 45832 | Depths:3 | 45832 ||| DROPPING +1 pair of gloves of hurling.
 45833 | Depths:3 | 45833 ||| Stepping ~*~*~tactically~*~*~ (stealth).
 45996 | Depths:3 | Identified the +1 plate armour of Vlad {Int+4 Dex-5}
                  | (Okawaru gifted it to you on level 3 of the Depths)
 45996 | Depths:3 | Received a gift from Okawaru
 46021 | Depths:3 | 46021 ||| DROPPING +1 plate armour of Vlad {Int+4 Dex-5}.
 46022 | Depths:3 | 46022 ||| DROPPING +4 ring of protection.
 46041 | Depths:4 | Entered Level 4 of the Depths
 46214 | Depths:4 | 46214 ||| INVOKING Heroism.
 46215 | Depths:4 | 46215 ||| INVOKING Finesse.
 46288 | Depths:4 | 46288 ||| Stepping ~*~*~tactically~*~*~ (hiding).
 46443 | Depths:4 | 46443 ||| INVOKING Heroism.
 46658 | Depths:4 | 46658 ||| FLEEEEING.
 46659 | Depths:4 | 46659 ||| FLEEEEING.
 46664 | Depths:4 | 46664 ||| Stepping ~*~*~tactically~*~*~ (hiding).
 46665 | Depths:4 | 46665 ||| Stepping ~*~*~tactically~*~*~ (hiding).
 46666 | Depths:4 | 46666 ||| Stepping ~*~*~tactically~*~*~ (hiding).
 46669 | Depths:4 | 46669 ||| Stepping ~*~*~tactically~*~*~ (hiding).
 46670 | Depths:4 | 46670 ||| Stepping ~*~*~tactically~*~*~ (hiding).
 46829 | Depths:4 | 46829 ||| Stepping ~*~*~tactically~*~*~ (stealth).
 46831 | Depths:4 | 46831 ||| Stepping ~*~*~tactically~*~*~ (hiding).
 46837 | Depths:4 | 46837 ||| INVOKING Heroism.
 46926 | Depths:4 | 46926 ||| Stepping ~*~*~tactically~*~*~ (hiding).
 46931 | Depths:4 | 46931 ||| INVOKING Heroism.
 46986 | Depths:4 | Found a gate to the Realm of Zot.
 47086 | Depths:4 | 47086 ||| Stepping ~*~*~tactically~*~*~ (hiding).
 47093 | Depths:4 | Reached skill level 21 in Shields
 47098 | Depths:4 | 47098 ||| INVOKING Heroism.
 47227 | Depths:4 | 47227 ||| INVOKING Heroism.
 47278 | Depths:4 | Found a hazy altar of Hepliaklqana.
 47385 | Depths:4 | 47385 ||| PLANNING VAULTS:5
 47385 | Depths:4 | 47385 ||| UPGRADING to +2 cloak.
 47759 | Vaults:5 | Entered Level 5 of the Vaults
 47767 | Vaults:5 | 47767 ||| STAIRDANCE
 47800 | Vaults:5 | 47800 ||| STAIRDANCE
 47802 | Vaults:4 | 47802 ||| INVOKING Heroism.
 47860 | Vaults:5 | 47860 ||| INVOKING Heroism.
 47861 | Vaults:5 | 47861 ||| INVOKING Finesse.
 47867 | Vaults:5 | Reached XP level 23. HP: 142/158 MP: 22/30
 47880 | Vaults:5 | Received a gift from Okawaru
 47893 | Vaults:5 | Noticed an ancient lich
 47918 | Vaults:5 | Killed an ancient lich
 47940 | Vaults:5 | Noticed a golden dragon
 47949 | Vaults:5 | 47949 ||| INVOKING Finesse.
 47956 | Vaults:5 | 47956 ||| DRINKING 3 potions of resistance.
 47962 | Vaults:5 | Killed a golden dragon
 47968 | Vaults:5 | Received a gift from Okawaru
 47978 | Vaults:5 | Reached skill level 21 in Fighting
 47984 | Vaults:5 | Identified the amulet of Bemmol Oxau {RegenMP rPois Regen+}
 47989 | Vaults:5 | HP: 36/160 [ettin/+0 dire flail (9)]
 47990 | Vaults:5 | 47990 ||| READING 8 scrolls of teleportation.
 47991 | Vaults:5 | 47991 ||| DRINKING potion of heal wounds.
 47991 | Vaults:5 | HP: 17/160 [ettin/+0 dire flail (21)]
 48001 | Vaults:5 | 48001 ||| READING 7 scrolls of teleportation.
 48004 | Vaults:5 | Received a gift from Okawaru
 48004 | Vaults:5 | Found the +15 Maxwell's patent armour {-Cast -Tele rElec
                  | Will+ rCorr}
 48008 | Vaults:5 | 48008 ||| READING 6 scrolls of teleportation.
 48009 | Vaults:5 | 48009 ||| INVOKING Heroism.
 48014 | Vaults:5 | 48014 ||| READING 5 scrolls of teleportation.
 48017 | Vaults:5 | Noticed a golden dragon
 48047 | Vaults:5 | 48047 ||| INVOKING Heroism.
 48055 | Vaults:5 | 48055 ||| Stepping ~*~*~tactically~*~*~ (hiding).
 48056 | Vaults:5 | 48056 ||| Stepping ~*~*~tactically~*~*~ (hiding).
 48057 | Vaults:5 | 48057 ||| Stepping ~*~*~tactically~*~*~ (hiding).
 48058 | Vaults:5 | 48058 ||| Stepping ~*~*~tactically~*~*~ (hiding).
 48066 | Vaults:5 | 48066 ||| INVOKING Heroism.
 48088 | Vaults:5 | 48088 ||| Stepping ~*~*~tactically~*~*~ (hiding).
 48089 | Vaults:5 | 48089 ||| Stepping ~*~*~tactically~*~*~ (hiding).
 48107 | Vaults:5 | Reached skill level 12 in Throwing
 48113 | Vaults:5 | 48113 ||| INVOKING Finesse.
 48136 | Vaults:5 | 48136 ||| INVOKING Heroism.
 48270 | Vaults:5 | Identified the +11 trident "Yneehuy" {protect, rPois MP+9
                  | Int+2 Dex+3}
 48354 | Vaults:5 | 48354 ||| DROPPING +4 broad axe of venom.
 48442 | Vaults:5 | Identified the +2 robe "Nealeuss" {*Corrode Stlth+
                  | Archmagi}
 48457 | Vaults:5 | Identified the staff of conjuration "Ebuikec" {rElec Will+}
 48467 | Vaults:5 | Found the +8 autumn katana {manifold assault}
 48469 | Vaults:5 | Identified the staff of death "Sagul" {Fragile rElec rF+
                  | rN+ Dex+3}
 48542 | Vaults:5 | 48542 ||| Stepping ~*~*~tactically~*~*~ (hiding).
 48543 | Vaults:5 | 48543 ||| Stepping ~*~*~tactically~*~*~ (hiding).
 48550 | Vaults:5 | 48550 ||| INVOKING Heroism.
 48557 | Vaults:5 | Identified the +2 great sword "Apoonkic" {flame, rF++}
 48574 | Vaults:5 | 48574 ||| Stepping ~*~*~tactically~*~*~ (stealth).
 48579 | Vaults:5 | 48579 ||| Stepping ~*~*~tactically~*~*~ (stealth).
 48695 | Vaults:5 | Got a silver rune of Zot
 48812 | Vaults:5 | Noticed a dread lich
 48813 | Vaults:5 | 48813 ||| INVOKING Heroism.
 48820 | Vaults:5 | Killed a dread lich
 48884 | Vaults:5 | Identified the +4 ring mail "Pailahoe" {rElec}
 48919 | Vaults:5 | 48919 ||| Stepping ~*~*~tactically~*~*~ (stealth).
 48920 | Vaults:5 | 48920 ||| Stepping ~*~*~tactically~*~*~ (stealth).
 48939 | Vaults:5 | Noticed a dread lich
 48940 | Vaults:5 | 48940 ||| Stepping ~*~*~tactically~*~*~ (hiding).
 48946 | Vaults:5 | 48946 ||| INVOKING Heroism.
 48962 | Vaults:5 | Killed a dread lich
 48963 | Vaults:5 | Reached skill level 21 in Armour
 48984 | Vaults:5 | Received a gift from Okawaru
 49033 | Vaults:5 | 49033 ||| INVOKING Heroism.
 49074 | Vaults:5 | 49074 ||| Stepping ~*~*~tactically~*~*~ (stealth).
 49084 | Vaults:5 | 49084 ||| INVOKING Heroism.
 49090 | Vaults:5 | Killed a golden dragon
 49102 | Vaults:5 | 49102 ||| Stepping ~*~*~tactically~*~*~ (stealth).
 49127 | Vaults:5 | Identified the ring "Suehadu" {rC- Will+ Str+3 Int+3}
 49132 | Vaults:5 | Identified the +0 ring mail of Hubris {rElec rN+ Stlth+}
 49145 | Vaults:5 | 49145 ||| FLEEEEING.
 49146 | Vaults:5 | 49146 ||| FLEEEEING.
 49147 | Vaults:5 | 49147 ||| FLEEEEING.
 49148 | Vaults:5 | 49148 ||| FLEEEEING.
 49154 | Vaults:5 | 49154 ||| INVOKING Heroism.
 49179 | Vaults:5 | Received a gift from Okawaru
 49216 | Vaults:5 | 49216 ||| READING scroll of enchant weapon.
 49216 | Vaults:5 | 49216 ||| ENCHANTING +7 broad axe of flaming.
 49505 | Vaults:5 | 49505 ||| PLANNING SHOPPING SPREE
 49505 | Vaults:5 | 49505 ||| DROPPING +2 plate armour of cold resistance.
 49506 | Vaults:5 | 49506 ||| DROPPING ring "Suehadu" {rC- Will+ Str+3 Int+3}.
 49507 | Vaults:5 | 49507 ||| READING 33 scrolls of identify.
 49507 | Vaults:5 | 49507 ||| IDENTIFYING brown potion
 49905 | Orc:2    | 49905 ||| BUYING potion of haste (150 gold).
 49905 | Orc:2    | Bought a potion of haste for 150 gold pieces
 49905 | Orc:2    | 49905 ||| BUYING potion of mutation (120 gold).
 49905 | Orc:2    | Bought a potion of mutation for 120 gold pieces
 50079 | Snake:1  | 50079 ||| BUYING potion of might (132 gold).
 50079 | Snake:1  | Bought a potion of might for 132 gold pieces
 50215 | Snake:4  | 50215 ||| BUYING +5 ring of evasion (504 gold).
 50215 | Snake:4  | Bought a +5 ring of evasion for 504 gold pieces
 50240 | Snake:4  | 50240 ||| UPGRADING to +5 ring of evasion.
 50242 | Snake:4  | 50242 ||| DROPPING +6 ring of strength.
 50243 | Snake:4  | 50243 ||| CLEARING SHOPPING LIST
 50243 | Snake:4  | 50243 ||| PLANNING ZOT:1-4
 50713 | Zot:1    | Entered Level 1 of the Realm of Zot
 50771 | Zot:1    | 50771 ||| INVOKING Heroism.
 50792 | Zot:1    | Noticed a golden dragon
 50804 | Zot:1    | 50804 ||| INVOKING Heroism.
 50808 | Zot:1    | Killed a golden dragon
 50809 | Zot:1    | HP: 35/161 [white draconian stormcaller/divine providence[a
                  | purple draconian shifter] (12)]
 50810 | Zot:1    | 50810 ||| READING 6 scrolls of teleportation.
 50811 | Zot:1    | 50811 ||| DRINKING potion of heal wounds.
 50812 | Zot:1    | HP: 8/161 [wind drake/the air[a purple draconian shifter]
                  | (20)]
 50812 | Zot:1    | Mangled by a black draconian knight

Levels and vault maps discovered:
D:1:      amcnicky_arrival_wind_blow, layout_rooms,
          shapermc_ecumenical_altar_mp_vishouse, fountainhead
D:2:      layout_basic
D:3:      minmay_razor_zed, layout_basic
D:4:      layout_rooms, mainiacjoe_overflow_24_doors,
          chequers_temple_overflow_statue_of_worship, minmay_temple_entry_ruins,
          nicolae_ossuary_entry_ruins, serial_shops, shop, serial_corexii_hall,
          chequers_hall_statues_y, chequers_hall_statues_corner_a
D:5:      layout_cave_pods, led_sif_book, hangedman_decor_growths, uniq_edmund,
          uniq_grinder
D:6:      layout_loops_ring, mainiacjoe_overflow_concentric_impassable
D:7:      minmay_the_grid_triangle_9x9_rhombus_thin
          [minmay_the_grid_triangle_9x9_negative_grid,
          minmay_the_grid_triangle_9x9_prize_center,
          minmay_the_grid_triangle_9x9_windchime,
          minmay_the_grid_triangle_9x9_wacky_v], layout_gridville
D:8:      layout_loops_ring, minmay_misc_feat_hallway, uniq_grum
D:9:      layout_grid_maze, gammafunk_temple_overflow_wave, enter_bailey_2
D:10:     layout_loops_cross, tgw_xom, dpeg_lair_monsters,
          minmay_orc_entry_temple_small, enter_trove_1, due_unseen_surprise,
          uniq_erica
D:11:     layout_roguey
D:12:     layout_loops_ring
D:13:     cheibrodos_breeding_chamber, layout_cave_pools, david_vaults_5,
          portal_ice_cave_entry_pillars_1
D:14:     layout_layer_cave, nicolae_ru_the_path_less_chosen,
          nicolae_elevator_lobby_plus, uniq_nessos
D:15:     gammafunk_depths_entry_grave, layout_basic,
          gammafunk_ghost_stat_death, elves_outpost_lemuel
Temple:   nicolae_temple_god_jail
Lair:1:   layout_cave_pods, gauntlet_entry_generic, hibernation_bobbens,
          lemuel_fruit_fields
Lair:2:   layout_long_grid, st_stairs_4, minmay_stone_trees_small,
          wad_woods_river_01
Lair:3:   layout_roguey, elwin_shoals_entry_stream,
          minmay_snake_entry_six_corridors, uniq_snorg
Lair:4:   layout_regular_city, nicolae_slime_entry_field_trip, serial_bayou,
          serial_bayou_crossing, serial_bayou_lagoon_a, serial_bayou_pond_d,
          serial_bayou_lagoon_b, nicolae_lair_lil_pond, lemuel_fruit_tree,
          infiniplex_staircase_pool
Lair:5:   hangedman_lair_in_review, layout_loops_ring,
          chequers_serial_rivers_small_b, uniq_josephine
Shoals:1: layout_shoals, serial_shops, nicolae_square_shop, uniq_louise
Shoals:2: layout_shoals, nicolae_shoals_cliffside_cave
Shoals:3: layout_shoals, serial_shops, nicolae_shop_bloodbath_and_beyond,
          amcnicky_altar_lugonu_corruption, uniq_ilsuiw, uniq_polyphemus
Shoals:4: shoals_end_hellmonk_storm_palace [storm_palace_center_ruins,
          storm_palace_corner_reverse_hut, storm_palace_corner_grid,
          storm_palace_corner_altar, storm_palace_corner_grid], serial_shops
Snake:1:  layout_misc_corridors, serial_shops, shop, grunt_megastairs_5,
          uniq_aizul
Snake:2:  nicolae_cobra_stairs, layout_chambers, nicolae_snake_lava_pool,
          grunt_megastairs_3, minmay_shoptagon
Snake:3:  layout_grid_shapes, nicolae_snake_squiggles, st_stairs_5,
          nicolae_snake_flat_spine, nicolae_shop_vocational,
          serial_bayou_shore_b, uniq_agnes, uniq_vashnia
Snake:4:  minmay_snake_end_coiled, layout_cave_town,
          hellmonk_ghost_happy_afterlife, serial_shops, bzr_entry_lakeside,
          st_stairs_14, minmay_shop_star, serial_bayou_shore_b
Orc:1:    nicolae_orc_accident_1, layout_caves, uniq_urug, uniq_erolcha
Orc:2:    kennysheep_orc_mage_school, layout_caves, uniq_sonja
Vaults:1: v_pattern_1, v_misc_12, nicolae_vaults_little_squares_2,
          vaults_mumra_chevron, grunt_vaults_hallway_short,
          nicolae_vaults_ring_of_whatevers, nicolae_vaults_diamond_2, v_misc_19,
          layout_vaults_quadrants, serial_shops, shop
Vaults:2: ebering_ghost_disaster_area, v_misc_12,
          nicolae_vaults_border_crossing, nicolae_vaults_more_shelving_1,
          ontoclasm_vaults_spin, v_alt_pattern_6, v_pattern_4,
          ontoclasm_vaults_decontamination, vaults_room_hangedman_quadrants,
          nicolae_vaults_little_squares_2, ontoclasm_vaults_shuriken,
          nicolae_vaults_trapezoid_lopsided_1, nicolae_vaults_specimen_jars,
          nicolae_vaults_house_1, layout_vaults_ring, serial_shops,
          nicolae_shop_drivethru
Vaults:3: minmay_crypt_entry_simple_walls, nicolae_vaults_storage_room_doors,
          nicolae_vaults_meiosis, nicolae_vaults_tetromino_L_1,
          nicolae_vaults_network_s, nicolae_vaults_shelves_hall, v_misc_12,
          vaults_room_pool, vaults_room_stairs_pillars, nicolae_vaults_oozy_zoo,
          nicolae_vaults_what_the_h, layout_vaults_omnicross, uniq_mara,
          uniq_zenata
Vaults:4: v_misc_26, nicolae_vaults_sesquioval_fish, v_misc_12, v_misc_22,
          nicolae_vaults_stairing_the_circle, v_misc_16,
          hangedman_vaults_capsules, nicolae_vaults_three_branches, v_misc_22,
          layout_vaults_chaotic_city, uniq_xtahua
Vaults:5
Depths:1: layout_cave_shapes, vehumet_crystals, minmay_room_of_horrors,
          pf_vacation_house_of_asmodeus, nicolae_kikubaaqudgha_miasma_corner
Depths:2: kennysheep_blocky_hall, layout_gridlike, enter_ziggurat_f,
          rand_demon_pan_entry_4, hell_entry, nicolae_two_hexagons,
          ebering_ghost_xom
Depths:3: hangedman_cross_cluster, layout_gridlike, serial_shops, shop,
          hell_entry, amcnicky_mini_pool_small,
          nicolae_abyss_entry_one_way_or_another, ebering_ghost_gozag
Depths:4: grunt_zot_entry_hairpin, layout_gridlike,
          nicolae_hepliaklqana_hazy_memory, grunt_hell_entry_dis_grunt,
          serial_bayou_shore_a
Zot:1:    layout_basic, st_small_dragon_hoard_3, uniq_vv

Skill      XL: |  1  2  3  4  5  6  7  8  9 10 11 12 13 14 15 16 17 18 19 20 21 22 23 |
---------------+----------------------------------------------------------------------+-----
Axes           | 2 3 4 5 6 7 8 9 10 11 12 14 15 17 18 | 18.0
Fighting       | 4 5 6 7 8 9 10 11 12 13 15 17 18 19 20 21 | 21.8
Dodging        | 1 2 3 4 5 6 8 9 |  9.0
Shields        | 4 8 10 12 13 14 15 16 17 18 19 20 21 | 21.0
Invocations    | 1 4 6 10 | 10.1
Armour         | 5 6 7 9 10 11 12 14 15 16 18 19 21 | 21.0
Throwing       | 1 2 4 5 6 7 8 9 10 11 12 | 12.0

Action                     |  1- 3 |  4- 6 |  7- 9 | 10-12 | 13-15 | 16-18 | 19-21 | 22-24 || total
---------------------------+-------+-------+-------+-------+-------+-------+-------+-------++-------
  Melee: War axe           |   101 |   152 |   295 |   381 |   329 |       |       |       ||  1258
         Morningstar       |       |       |       |     2 |    18 |       |       |       ||    20
         Broad axe         |       |       |       |       |   501 |  1245 |  1409 |   805 ||  3960
         Flail             |       |       |       |       |    14 |       |       |       ||    14
  Throw: Boomerang         |       |       |       |    28 |     8 |       |     1 |       ||    37
         Javelin           |       |       |       |    48 |   137 |    89 |   161 |    88 ||   523
 Invoke: Heroism           |       |       |     6 |    25 |    25 |    50 |    32 |    27 ||   165
         Finesse           |       |       |       |       |    12 |     7 |    12 |     6 ||    37
    Use: Scroll            |     5 |     7 |     5 |     9 |     9 |     9 |     4 |     9 ||    57
         Potion            |       |     3 |     1 |     1 |     2 |     5 |     5 |     5 ||    22
   Stab: Petrified         |       |       |       |       |     4 |       |       |     1 ||     5
 Armour: Scale mail        |    41 |    90 |    29 |       |       |       |       |       ||   160
         Chain mail        |       |       |   137 |     2 |       |       |       |       ||   139
         Plate armour      |       |       |       |   118 |   366 |   528 |   618 |   375 ||  2005
  Dodge: Dodged            |    45 |    57 |    70 |    61 |   155 |   248 |   273 |   249 ||  1158
  Block: Buckler           |    17 |    20 |     8 |       |       |       |       |       ||    45
         Tower shield      |       |       |   197 |   270 |   701 |  1133 |   985 |   702 ||  3988

Table legend:
 A = Non-vault XP
 B = Vault XP
 C = Vault XP percentage of total XP
 D = Non-vault monster count
 E = Vault monster count
 F = Vault count percentage of total count
                 A         B        C        D         E       F
            +---------+---------+-------+---------+---------+-------
      Total |  439637 |  381893 |  46.5 |    1070 |     583 |  35.3
            +---------+---------+-------+---------+---------+-------
        D:1 |      48 |       0 |   0.0 |      28 |       0 |   0.0
        D:2 |      45 |       0 |   0.0 |      12 |       0 |   0.0
        D:3 |     103 |      31 |  23.1 |      22 |      11 |  33.3
        D:4 |     630 |       0 |   0.0 |      29 |       0 |   0.0
        D:5 |     611 |     462 |  43.1 |      26 |       2 |   7.1
        D:6 |     588 |       0 |   0.0 |      15 |       0 |   0.0
        D:7 |    1099 |    3063 |  73.6 |      20 |      16 |  44.4
        D:8 |    1815 |     423 |  18.9 |      19 |       3 |  13.6
        D:9 |    1564 |       0 |   0.0 |       8 |       0 |   0.0
       D:10 |    2522 |    7075 |  73.7 |      17 |      23 |  57.5
       D:11 |    3198 |       0 |   0.0 |      14 |       0 |   0.0
       D:12 |    4151 |       0 |   0.0 |      15 |       0 |   0.0
       D:13 |    8722 |    8791 |  50.2 |      27 |      14 |  34.1
       D:14 |    7335 |    1019 |  12.2 |      23 |       1 |   4.2
       D:15 |   17585 |   11005 |  38.5 |      38 |      18 |  32.1
     Lair:1 |    8476 |     382 |   4.3 |      36 |       1 |   2.7
     Lair:2 |    5511 |    1656 |  23.1 |      18 |       7 |  28.0
     Lair:3 |    8465 |    5255 |  38.3 |      35 |      14 |  28.6
     Lair:4 |    8385 |     131 |   1.5 |      28 |       3 |   9.7
     Lair:5 |   17508 |   11773 |  40.2 |      49 |      25 |  33.8
   Shoals:1 |    9722 |    1199 |  11.0 |      22 |       1 |   4.3
   Shoals:2 |   12218 |     490 |   3.9 |      22 |       1 |   4.3
   Shoals:3 |   10758 |    6733 |  38.5 |      18 |       9 |  33.3
   Shoals:4 |   14439 |   23123 |  61.6 |      30 |      50 |  62.5
    Snake:1 |   20241 |    2229 |   9.9 |      44 |       3 |   6.4
    Snake:2 |   10380 |   19924 |  65.7 |      18 |      30 |  62.5
    Snake:3 |   20654 |    8901 |  30.1 |      43 |       9 |  17.3
    Snake:4 |   14904 |   21125 |  58.6 |      30 |      41 |  57.7
      Orc:1 |    3082 |     878 |  22.2 |      26 |       1 |   3.7
      Orc:2 |    2279 |    8116 |  78.1 |      41 |      35 |  46.1
   Vaults:1 |   11450 |    5518 |  32.5 |      20 |       7 |  25.9
   Vaults:2 |   29442 |   27553 |  48.3 |      47 |      34 |  42.0
   Vaults:3 |   13898 |   22124 |  61.4 |      21 |      22 |  51.2
   Vaults:4 |   16339 |   32616 |  66.6 |      22 |      41 |  65.1
   Vaults:5 |   13975 |   89905 |  86.5 |      25 |      83 |  76.9
   Depths:1 |   22857 |    2919 |  11.3 |      28 |      16 |  36.4
   Depths:2 |   30760 |    6325 |  17.1 |      32 |       9 |  22.0
   Depths:3 |   46926 |   32507 |  40.9 |      61 |      26 |  29.9
   Depths:4 |   24662 |   18398 |  42.7 |      30 |      16 |  34.8
      Zot:1 |   12290 |       0 |   0.0 |      11 |       0 |   0.0
    Ossuary |       0 |     244 | 100.0 |       0 |      11 | 100.0
            +---------+---------+-------+---------+---------+-------
